 Dungeon Crawl Stone Soup version 0.26.1-11-gd32895ea62 (webtiles) character file.

Game seed: 14387794752414270557

10305788 sneaky the Infernalist (level 27, 273/273 HPs)
             Began as a Human Fire Elementalist on May 20, 2021.
             Was the Champion of Vehumet.
             Escaped with the Orb
             ... and 15 runes on May 21, 2021!
             The game lasted 12:10:33 (164942 turns).

sneaky the Infernalist (Human Fire Elementalist)  Turns: 164942, Time: 12:10:33

Health: 273/273    AC: 15    Str: 10    XL:     27
Magic:  51/51      EV: 34    Int: 35    God:    Vehumet [******]
Gold:   10132      SH: 17    Dex: 27    Spells: 13/74 levels left

rFire    + + +     SeeInvis +   C - staff of fire
rCold    + + +     Faith    .   Z - +3 kite shield of Masochism {rC+ Int+3 Stlth+}
rNeg     + + +     Spirit   .   M - +1 troll leather armour "Unegush" {Harm rC+ Regen+ Int+4}
rPois    +         Reflect  .   (no helmet)
rElec    +         Harm     +   a - +4 cloak of the Hanged Man {*Slow Int+4 Dex+6}
rCorr    .         Rampage  .   I - +0 pair of gloves of Jutoxzy Urynn {rPois Dex+7}
Will     ++...                  j - +1 pair of boots "Lier" {rPois rF+ Will+ Regen+}
Stlth    ++++......             r - amulet "Biamp" {RegenMP rF+ rC++ rN+ Str-3}
HPRegen  1.35/turn              p - ring of Yxki {rPois rF++ rC+ Will- SInv}
MPRegen  0.57/turn              X - ring "Onasup" {+Blink rElec rN++ EV+4}

@: studying Summonings
A: camouflage 1, clumsy 1, mutation resistance 1, robust 1, inhibited
regeneration, strong 1, wild magic 1
0: Orb of Zot
}: 15/15 runes: decaying, slimy, silver, golden, iron, obsidian, icy, bone,
abyssal, demonic, glowing, magical, fiery, dark, gossamer
a: Renounce Religion, Evoke Blink


You escaped.
You worshipped Vehumet.
Vehumet was exalted by your worship.
You visited 17 branches of the dungeon, and saw 89 of its levels.
You visited Pandemonium 1 time, and saw 20 of its levels.
You visited the Abyss 6 times.
You also visited: Trove, Gauntlet and Ice Cave.

You collected 20412 gold pieces.
You spent 10280 gold pieces at shops.

Inventory:

Hand Weapons
 H - the +6 sword of Cerebov {flame}
   (You took it off Cerebov in Pandemonium)

   It has been specially enchanted to burn those struck by it, causing extra
   injury to most foes and up to half again as much damage against particularly
   susceptible opponents.
   Big, fiery blades are also staple armaments of hydra-hunters.
Armour
 a - the +4 cloak of the Hanged Man (worn) {*Slow Int+4 Dex+6}
   (You bought it in a shop on level 2 of the Orcish Mines)

   It affects your intelligence (+4).
   It affects your dexterity (+6).
   It may slow you when you take damage.
 j - the +1 pair of boots "Lier" (worn) {rPois rF+ Will+ Regen+}
   (You found it in a treasure trove)

   It protects you from fire.
   It protects you from poison.
   It affects your willpower, your defense against some magical effects.
   It increases your rate of regeneration.
 D - the +2 pair of boots "Qizxaro" {rF++}
   (You found it on level 2 of the Vaults)

   It greatly protects you from fire.
 I - the +0 pair of gloves of Jutoxzy Urynn (worn) {rPois Dex+7}
   (You found it on level 10 of the Dungeon)

   It affects your dexterity (+7).
   It protects you from poison.
 K - the +3 hat of Pondering {ponderous, Will+ MP+10 Int+5}
   (You bought it in a shop on level 9 of the Dungeon)

   It affects your intelligence (+5).
   It affects your willpower, your defense against some magical effects.
   It affects your magic capacity (+10).
 M - the +1 troll leather armour "Unegush" (worn) {Harm rC+ Regen+ Int+4}
   (You took it off a tengu reaver on level 5 of the Vaults)

   It affects your intelligence (+4).
   It protects you from cold.
   It increases your rate of regeneration.
   It increases damage dealt and taken.
 N - the +0 pair of boots "Vej Wuirgh" {+Fly Str+2 Dex+3 Stlth+}
   (You found it in a Gauntlet)

   It affects your strength (+2).
   It affects your dexterity (+3).
   It lets you fly.
   It makes you more stealthy.
 Z - the +3 kite shield of Masochism (worn) {rC+ Int+3 Stlth+}
   (You took it off a gnoll sergeant on level 8 of the Dungeon)

   It affects your intelligence (+3).
   It protects you from cold.
   It makes you more stealthy.
Magical Staves
 C - an uncursed staff of fire (weapon)
 W - an uncursed staff of conjuration
Jewellery
 g - the amulet "Tocol" {RegenMP rN+ Dex+4}
   (You acquired it on level 11 of the Dungeon)

   [amulet of magic regeneration]

   It increases your magic regeneration.
   It affects your dexterity (+4).
   It protects you from negative energy.
 k - the amulet of Vitality {Regen+ HP+15}
   (You found it in a treasure trove)

   [amulet of regeneration]

   It affects your health (+15).
   It increases your rate of regeneration.
 m - the ring "Hoki" {rElec rF- Will+ Int+7 Dex+2}
   (You took it off a hell knight on level 7 of the Iron City of Dis)

   [ring of willpower]

   It affects your intelligence (+7).
   It affects your dexterity (+2).
   It makes you vulnerable to fire.
   It insulates you from electricity.
   It affects your willpower, your defense against some magical effects.
 p - the ring of Yxki (left hand) {rPois rF++ rC+ Will- SInv}
   (You acquired it on level 5 of the Vaults)

   [ring of see invisible]

   It greatly protects you from fire.
   It protects you from cold.
   It protects you from poison.
   It affects your willpower, your defense against some magical effects.
   It lets you see invisible.
 r - the amulet "Biamp" (around neck) {RegenMP rF+ rC++ rN+ Str-3}
   (You acquired it in Pandemonium)

   [amulet of magic regeneration]

   It increases your magic regeneration.
   It affects your strength (-3).
   It protects you from fire.
   It greatly protects you from cold.
   It protects you from negative energy.
 s - the ring "Pumor" {rElec rPois rN+ Str+4 Dex+2}
   (You found it on level 5 of the Pits of Slime)

   [ring of positive energy]

   It affects your strength (+4).
   It affects your dexterity (+2).
   It insulates you from electricity.
   It protects you from poison.
   It protects you from negative energy.
 t - the ring "Udwoavyu" {Will+ Int+6 Stlth+}
   (You bought it in a shop on level 2 of the Orcish Mines)

   [ring of intelligence]

   It affects your intelligence (+6).
   It affects your willpower, your defense against some magical effects.
   It makes you more stealthy.
 w - the amulet of Luwkererph {*Contam rN++ Regen+ Int+3 Dex+2}
   (You found it on level 1 of the Elven Halls)

   [amulet of regeneration]

   It affects your intelligence (+3).
   It affects your dexterity (+2).
   It greatly protects you from negative energy.
   It causes magical contamination when unequipped.
   It increases your rate of regeneration.
 X - the ring "Onasup" (right hand) {+Blink rElec rN++ EV+4}
   (You took it off a wizard on level 2 of the Abyss)

   [ring of evasion]

   It affects your evasion (+4).
   It insulates you from electricity.
   It greatly protects you from negative energy.
   It lets you blink.
Wands
 E - a wand of acid (43)
 T - a wand of digging (24)
 V - a wand of random effects (17)
Scrolls
 b - a scroll of magic mapping
 c - 11 scrolls of immolation
 e - 43 scrolls of remove curse
 h - 42 scrolls of teleportation
 n - a scroll of blinking
 u - 5 scrolls of holy word
 v - 17 scrolls of amnesia
 y - 12 scrolls of fear
 z - 11 scrolls of enchant weapon
 A - 13 scrolls of fog
 G - 3 scrolls of silence
 P - a scroll of brand weapon
 Q - 2 scrolls of summoning
 S - 23 scrolls of identify
Potions
 d - a potion of heal wounds
 f - 6 potions of haste
 l - 3 potions of cancellation
 o - 13 potions of brilliance
 q - 9 potions of curing
 x - 7 potions of berserk rage
 J - 8 potions of lignification
 L - a potion of mutation
 O - a potion of magic
 U - 2 potions of flight
 Y - 4 potions of resistance
Books
 F - a manual of Summonings
Miscellaneous
 i - a condenser vane
 B - a figurine of a ziggurat
 R - a phantom mirror


   Skills:
 O Level 27 Fighting
 - Level 12.0 Staves
 - Level 16.4 Crossbows
 - Level 6.8 Armour
 - Level 17.1 Dodging
 - Level 21.0 Stealth
 - Level 15.0 Shields
 - Level 0.2 Unarmed Combat
 + Level 24.3 Spellcasting
 + Level 26.2 Conjurations
 - Level 13.3 Hexes
 - Level 13.2 Summonings
 O Level 27 Fire Magic
 + Level 26.3 Ice Magic
 + Level 26.8 Earth Magic
 - Level 12.1 Evocations


You had 13 spell levels left.
You knew the following spells:

 Your Spells              Type           Power        Failure   Level
a - Statue Form           Tmut/Erth      72%          1%          6
b - Spellforged Servitor  Conj/Summ      62%          1%          7
c - Fireball              Conj/Fire      82%          1%          5
d - Freezing Cloud        Conj/Ice/Air   60%          1%          6
e - Iskenderun's Battles  Conj           100%         1%          5
f - Bolt of Magma         Conj/Fire/Erth 82%          1%          5
g - Iskenderun's Mystic   Conj/Tloc      100%         1%          4
i - Iron Shot             Conj/Erth      69%          1%          6
j - Ignition              Fire           83%          1%          8
k - Fire Storm            Conj/Fire      82%          1%          9

Your spell library contained the following spells:

 Spells                   Type           Power        Failure   Level
 Absolute Zero            Ice            69%          1%          9
 Tornado                  Air            26%          100%        9
 Animate Skeleton         Necr           100%         1%          1
 Apportation              Tloc           100%         1%          1
 Beastly Appendage        Tmut           100%         1%          1
 Corona                   Hex            100%         1%          1
 Foxfire                  Conj/Fire      100%         1%          1
 Magic Dart               Conj           100%         1%          1
 Pain                     Necr           100%         1%          1
 Sandblast                Erth           100%         1%          1
 Shock                    Conj/Air       100%         1%          1
 Sting                    Tmut/Pois      100%         1%          1
 Summon Small Mammal      Summ           100%         1%          1
 Call Imp                 Summ           100%         1%          2
 Ensorcelled Hibernation  Hex/Ice        100%         1%          2
 Passwall                 Tmut/Erth      90%          1%          2
 Searing Ray              Conj           100%         1%          2
 Slow                     Hex            100%         1%          2
 Call Canine Familiar     Summ           100%         1%          3
 Confusing Touch          Hex            100%         1%          3
 Conjure Flame            Conj/Fire      100%         1%          3
 Dazzling Flash           Conj/Hex       100%         1%          3
 Frozen Ramparts          Ice            100%         1%          3
 Ignite Poison            Fire/Tmut/Pois 100%         1%          3
 Inner Flame              Hex/Fire       100%         1%          3
 Mephitic Cloud           Conj/Pois/Air  94%          1%          3
 Ozocubu's Armour         Ice            100%         1%          3
 Portal Projectile        Hex/Tloc       100%         1%          3
 Static Discharge         Conj/Air       100%         1%          3
 Stone Arrow              Conj/Erth      100%         1%          3
 Summon Guardian Golem    Hex/Summ       100%         1%          3
 Tukima's Dance           Hex            100%         1%          3
 Cause Fear               Hex            54%          1%          4
 Fulminant Prism          Conj/Hex       62%          1%          4
 Hailstorm                Conj/Ice       100%         1%          4
 Ice Form                 Ice/Tmut       100%         1%          4
 Leda's Liquefaction      Hex/Erth       63%          1%          4
 Petrify                  Tmut/Erth      100%         1%          4
 Sticky Flame             Conj/Fire      100%         1%          4
 Summon Ice Beast         Ice/Summ       100%         1%          4
 Summon Lightning Spire   Summ/Air       86%          1%          4
 Borgnjor's Vile Clutch   Necr/Erth      54%          1%          5
 Irradiate                Conj/Tmut      54%          1%          5
 Lee's Rapid Deconstruct  Erth           70%          1%          5
 Lightning Bolt           Conj/Air       54%          1%          5
 Metabolic Englaciation   Hex/Ice        62%          1%          5
 Summon Demon             Summ           54%          1%          5
 Summon Mana Viper        Hex/Summ       100%         1%          5
 Yara's Violent Unravell  Hex/Tmut       43%          1%          5
 Conjure Ball Lightning   Conj/Air       54%          1%          6
 Invisibility             Hex            100%         1%          6
 Ozocubu's Refrigeration  Ice            69%          1%          6
 Shadow Creatures         Summ           N/A          1%          6
 Simulacrum               Ice/Necr       54%          1%          6
 Starburst                Conj/Fire      82%          1%          6
 Orb of Destruction       Conj           69%          1%          7
 Lehudib's Crystal Spear  Conj/Erth      69%          1%          8
 Shatter                  Erth           70%          1%          9
 Blink                    Tloc           N/A          2%          2
 Corpse Rot               Necr/Air       N/A          2%          2
 Poisonous Vapours        Pois/Air       100%         2%          2
 Sublimation of Blood     Necr           26%          2%          2
 Swiftness                Air            53%          2%          2
 Wereblood                Tmut           53%          2%          2
 Silence                  Hex/Air        43%          2%          5
 Summon Forest            Summ/Tloc      43%          2%          5
 Airstrike                Air            26%          3%          4
 Olgreb's Toxic Radiance  Pois           53%          3%          4
 Gell's Gravitas          Tloc           26%          4%          3
 Lesser Beckoning         Tloc           26%          4%          3
 Spider Form              Tmut/Pois      26%          4%          3
 Teleport Other           Tloc           53%          4%          3
 Vampiric Draining        Necr           26%          4%          3
 Summon Hydra             Summ           54%          4%          7
 Chain Lightning          Conj/Air       54%          9%          8
 Animate Dead             Necr           26%          12%         4
 Dispel Undead            Necr           53%          12%         4
 Passage of Golubria      Tloc           N/A          12%         4
 Agony                    Necr           53%          28%         5
 Alistair's Intoxication  Tmut/Pois      35%          28%         5
 Blade Hands              Tmut           26%          28%         5
 Excruciating Wounds      Necr           26%          28%         5
 Eringya's Noxious Bog    Tmut/Pois      26%          34%         6
 Haunt                    Necr/Summ      43%          47%         7
 Malign Gateway           Summ/Tloc      43%          47%         7
 Death Channel            Necr           26%          82%         6
 Dispersal                Tloc           26%          82%         6
 Hydra Form               Tmut           26%          82%         6
 Dragon's Call            Summ           54%          98%         9
 Dragon Form              Tmut           26%          100%        7
 Borgnjor's Revivificati  Necr           26%          100%        8
 Disjunction              Tloc           26%          100%        8
 Infestation              Necr           26%          100%        8
 Necromutation            Tmut/Necr      26%          100%        8
 Death's Door             Necr           26%          100%        9


Dungeon Overview and Level Annotations

Branches:
Dungeon (15/15)            Temple (0/1) D:5            Lair (6/6) D:11
  Swamp (4/4) Lair:4       Spider (4/4) Lair:4        Slime (5/5) Lair:5
    Orc (2/2) D:12            Elf (3/3) Orc:2        Vaults (5/5) D:13
  Crypt (3/3) Vaults:2       Tomb (3/3) Crypt:3      Depths (5/5) D:15
   Hell (visited)             Dis (7/7) Hell            Geh (7/7) Hell
    Coc (7/7) Hell            Tar (7/7) Hell            Zot (5/5) Depths:5
  IceCv (visited)         Gauntlet (visited)

Altars:
Ashenzari
Cheibriados
Dithmenos
Elyvilon
Gozag
Hepliaklqana
Kikubaaqudgha
Okawaru
Ru
Trog
Uskayaw
Vehumet
Yredelemnul
The Shining One
Beogh
Jiyva
Lugonu

Shops:
D:6 ?   D:8 }   D:10 =[:=*   D:13 (   Orc:2 ?}[!=!*!(   Elf:1 [[   Elf:2 }
Elf:3 :[(   Vaults:1 (   Depths:1 =}=   Depths:2 (   Depths:5 !

Portals:
Hell: Depths:1 Depths:2 Depths:3 Depths:4 Depths:5
Abyss: Depths:3 Depths:4
Pandemonium: Depths:1 Depths:3 Depths:4
Ziggurat: Depths:3

Annotations:
Slime:5 1 exclusion
Vaults:2 exclusion: orange crystal statue
Depths:4 2 transporters


Innate Abilities, Weirdness & Mutations

Your skin changes colour to match your surroundings (Stealth+).
You are clumsy. (Dex -2)
You are somewhat resistant to further mutation.
You are robust. (+10% HP)
You do not regenerate when monsters are visible.
Your muscles are strong. (Str +2)
Your spells are a little harder to cast, but a little more powerful.


Message History

The iron shot hits the efreet!!!
You kill the efreet!
Vehumet accepts your kill.
You feel your power returning.
You see here a +4 scimitar of flaming.
Magic restored.
A goblin is nearby!
There is a stone staircase leading up here.
You climb upwards.
There is a stone staircase leading down here.
Aiming: Dig
Press: ? - help, Shift-Dir - straight line A rock wall.
This square is covered in magical glow.
The rock shatters into small pieces.
There is a stone staircase leading up here.
You climb upwards.
There is a stone staircase leading down here.
There is a staircase leading out of the dungeon here.
You have escaped!

##.....................).....#
.#..............#............#
.#..........รท..###.......#####
..#####....[..#####.......## ###
..####.......#.....#.......####..
............###...###............
...###.....#####.#####.....##.#.(
##..#.....#...........#(....#.#..
##......###....@....###......#..
###.....#####.......#####.....#..
..#....#.....#.....#.....#....###
#.#...###...###...###...###..(#
#.#..#####.#####.#####.#####..#
#.#...........................#
#.............##.#............#
####.#.######..#......#########
.........# ##.###....#


There were no monsters in sight!

Vanquished Creatures
  Cerebov (Pan)
  Antaeus (Coc:7)
  the Royal Jelly (Slime:5)
  Asmodeus (Geh:7)
  Ereshkigal (Tar:7)
  Gloorx Vloq (Pan)
  Lom Lobon (Pan)
  the Serpent of Hell (Hell)
  Mnoleg (Pan)
  Dispater (Dis:7)
  8 ancient liches
  Mennas (Pan)
  3 orbs of fire (Zot:5)
  3 pandemonium lords (Pan)
  32 royal mummies
  4 Killer Klowns
  Xtahua (Vaults:2)
  40 shard shrikes
  the Lernaean hydra (Swamp:4)
  Saint Roka (Vaults:4)
  3 curse toes (Zot:3)
  Geryon (Hell)
  12 golden dragons
  25 bone dragons
  Nikola (Vaults:3)
  Arachne (Spider:4)
  A profane servitor (Abyss:2)
  Jory (Vaults:4)
  4 electric golems
  40 Tzitzimimeh
  13 doom hounds
  42 Brimstone Fiends
  8 iron giants
  2 hellephants
  24 tentacled monstrosities
  10 Hell Sentinels
  31 Ice Fiends
  Asterion (Spider:4)
  8 titans
  24 Orb Guardians (Zot:5)
  14 acid blobs
  A deep elf blademaster (Elf:3)
  19 liches
  2 deep elf master archers (Elf:3)
  10 death cobs
  8 quicksilver dragons
  37 Executioners
  23 ancient champions
  A thorn hunter (Abyss:3)
  15 tentacled starspawn
  6 sphinxes
  The ghost of Yakesh the Executioner, an adept MiFi of Gozag (Elf:3)
  14 tengu reavers
  23 storm dragons
  5 revenants
  20 shadow dragons
  4 draconian monks
  A daeva (Abyss:1)
  3 nagarajas (Depths:2)
  13 azure jellies
  5 draconian scorchers
  3 draconian knights
  7 iron dragons
  21 fire giants
  39 balrugs
  4 deep elf sorcerers
  Louise (Spider:1)
  20 frost giants
  13 vault wardens
  6 emperor scorpions
  25 cacodemons
  10 ghost moths
  12 draconian shifters
  4 black suns (Pan)
  A juggernaut zombie (D:15)
  111 reapers
  2 ghouls (Crypt:2)
  4 deep elf elementalists (Elf:3)
  2 curse skulls (Pan)
  2 warmongers (Pan)
  41 very ugly things
  5 blood saints (Pan)
  3 draconian stormcallers
  12 ironheart preservers
  3 draconian annihilators
  17 war gargoyles
  3 elemental wellsprings (Coc:7)
  6 green draconians
  11 vampire knights
  29 stone giants
  38 starcursed masses
  11 bennus
  11 black draconians
  Nessos (D:15)
  6 corrupters (Pan)
  8 deep elf annihilators
  8 deep elf demonologists
  Azrael (D:13)
  6 entropy weavers
  12 red draconians
  2 dire elephants
  5 bunyips
  12 spark wasps
  12 purple draconians
  5 eidola
  15 lorocyprocas
  11 white draconians
  12 yellow draconians
  4 crystal guardians
  The ghost of lenfi the Peltast, a journeyman DgFi (Orc:2)
  13 quicksilver dragon zombies
  3 eleionomae
  47 blizzard demons
  6 deep elf death magi
  12 death oozes (Slime:5)
  2 merfolk impalers
  Snorg (D:13)
  15 ettins
  13 jiangshi
  29 mummy priests
  A spectral kraken (Tar:7)
  27 green deaths
  11 fire dragons
  3 deep elf high priests
  A shambling mangrove (Swamp:3)
  11 great orbs of eyes
  13 yaktaur captains
  12 rakshasas
  2 boulder beetles
  31 vault guards
  25 hydras
  27 ice dragons
  8 monstrous demonspawn (Pan)
  A kraken zombie (Coc:3)
  An anaconda (shapeshifter) (Elf:3)
  3 hell beasts
  2 spriggan air magi
  5 anacondas (Depths:2)
  8 quicksilver dragon skeletons
  3 naga warriors (Depths:2)
  13 centaur warriors
  3 ghost crabs
  13 death yaks
  12 alligators
  37 dancing weapons
  68 hell hogs
  A satyr (Abyss:3)
  4 death knights
  10 titan zombies
  2 catoblepae
  53 two-headed ogres
  91 death scarabs
  4 deep troll shamans
  2 tengu warriors
  20 ogre magi
  A queen ant (Spider:4)
  5 deep troll earth magi
  11 thrashing horrors
  11 vampire magi
  A shock serpent (shapeshifter) (Abyss:2)
  25 deep elf knights
  54 sun demons
  102 hell knights
  41 soul eaters
  19 wretched stars
  5 spriggan berserkers
  12 storm dragon zombies
  213 skeletal warriors
  13 titan skeletons
  3 iron golems
  2 iron trolls
  37 sixfirhies
  7 spatial maelstroms
  3 infernal demonspawn (Pan)
  The ghost of DildoBatman the Blocker, a novice FoCj of Kikubaaqudgha (D:8)
  7 storm dragon skeletons
  3 goliath frogs
  2 ghost moth zombies
  8 swamp dragons
  4 torturous demonspawn (Pan)
  18 anaconda zombies
  4 unseen horrors
  14 deep trolls
  2 quicksilver dragon simulacra
  5 gelid demonspawn (Pan)
  12 shadow wraiths
  6 bog bodies
  An entropy weaver zombie (Crypt:2)
  8 golden dragon zombies
  5 shadow dragon zombies
  28 phantasmal warriors
  50 shadow demons
  4 spriggan druids
  15 orc knights
  7 wizards
  20 flayed ghosts
  5 glowing orange brains
  2 mana vipers
  12 golden dragon skeletons
  14 ironbrand convokers
  A glowing orange brain (shapeshifter) (Depths:5)
  22 orb spiders
  20 deep elf archers
  33 necromancers
  13 anaconda skeletons
  4 harpies
  10 iron dragon zombies
  An orb spider (shapeshifter) (Depths:3)
  10 frost giant zombies
  4 lindwurms
  15 orc sorcerers
  72 deep elf magi
  A cyclops (shapeshifter) (Depths:2)
  2 tengu skeletons
  4 will-o-the-wisps
  13 shadow dragon skeletons
  A salamander (shapeshifter) (Vaults:5)
  4 salamanders
  6 shining eyes
  5 stone giant zombies
  24 moths of wrath
  3 shock serpent zombies
  8 fire giant zombies
  43 ugly things
  9 wolf spider zombies
  6 cyclopes
  8 guardian serpents
  49 wolf spiders
  11 frost giant skeletons
  7 human zombies
  A black mamba (shapeshifter) (Abyss:2)
  6 iron dragon skeletons
  11 elephants
  8 fire giant skeletons
  7 black mambas
  7 stone giant skeletons
  A moth of wrath (shapeshifter) (Vaults:5)
  73 smoke demons
  11 dire elephant zombies
  12 vault sentinels
  10 worldbinders
  3 eyes of devastation
  4 naga magi
  A water nymph (shapeshifter) (Vaults:3)
  A water nymph (Abyss:3)
  11 molten gargoyles
  6 gargoyles
  35 orange demons
  7 apocalypse crabs
  3 centaur skeletons
  60 rust devils
  5 shock serpent skeletons
  8 dire elephant skeletons
  A storm dragon simulacrum (Vaults:5)
  9 cane toads
  A minotaur zombie (Crypt:3)
  4 torpor snails
  9 spectral swamp worms (Tar:7)
  2 titan simulacra
  2 anaconda simulacra
  3 ice statues
  A green draconian zombie (Crypt:1)
  39 yaktaurs
  7 rime drakes
  3 kobold demonologists
  A yaktaur (shapeshifter) (Depths:3)
  19 efreet
  43 hellions
  21 ancient zymes
  31 demonic crawlers
  5 emperor scorpion zombies
  An alligator snapping turtle skeleton (Crypt:1)
  72 freezing wraiths
  64 tormentors
  66 ice devils
  30 hellwings
  5 komodo dragons
  2 catoblepas skeletons (Pan)
  36 guardian mummies
  2 green draconian skeletons
  5 harpy zombies
  A minotaur skeleton (Tar:2)
  A polar bear (shapeshifter) (Vaults:4)
  A catoblepas zombie (Crypt:1)
  A black draconian skeleton (Crypt:2)
  A shadow dragon simulacrum (Abyss:2)
  4 tengu conjurers
  65 red devils
  26 hydra zombies
  6 silent spectres
  2 trolls (shapeshifter)
  11 trolls
  57 jumping spiders
  7 harpy skeletons
  A merfolk (shapeshifter) (Vaults:5)
  2 meliai (shapeshifter)
  16 polar bears
  2 bloated husks
  31 raiju
  20 hornets
  2 hornets (shapeshifter)
  Grinder (D:4)
  A sphinx simulacrum (Vaults:5)
  11 tyrant leeches
  69 slime creatures
  5 alligator zombies
  5 ice dragon zombies
  13 dream sheep (Lair:6)
  16 blink frogs
  An iron dragon simulacrum (Coc:7)
  11 hydra skeletons
  7 black mamba zombies
  A human simulacrum (Vaults:4)
  A stone giant simulacrum (Coc:7)
  15 fire dragon zombies
  18 ettin zombies
  A shock serpent simulacrum (Coc:5)
  7 spriggans
  2 fire giant simulacra (Vaults:5)
  2 vampires
  2 alligator skeletons
  53 shadows
  46 ynoxinuls
  6 wyverns
  239 flying skulls
  A tarantella (shapeshifter) (Vaults:4)
  54 wraiths
  2 centaur simulacra
  Sigmund (D:4)
  60 redbacks
  15 water elementals
  39 tarantellas
  3 air elementals
  11 fire dragon skeletons
  8 fire bats (Abyss:2)
  10 ettin skeletons
  11 ushabtiu
  A basilisk (shapeshifter) (Abyss:2)
  A steam dragon (Lair:3)
  57 yaks
  8 ice dragon skeletons
  3 black mamba skeletons
  25 chaos spawn
  34 fire elementals
  2 golden eyes (shapeshifter)
  3 golden eyes (Pan)
  2 hogs (shapeshifter)
  6 basilisks
  30 neqoxecs
  Grum (D:8)
  15 spatial vortices
  6 vampire mosquitoes
  A torturous demonspawn zombie (Dis:7)
  14 wargs
  A naga (shapeshifter) (Depths:3)
  16 swamp worms
  A harpy simulacrum (Coc:7)
  21 soldier ants
  A merfolk zombie (Tar:3)
  An acid dragon (shapeshifter) (Depths:3)
  12 nagas (Depths:2)
  4 hydra simulacra
  3 acid dragons
  A swamp worm (shapeshifter) (Vaults:5)
  113 hell hounds
  A soldier ant (shapeshifter) (Vaults:5)
  21 water moccasins
  A floating eye (Depths:5)
  10 cane toad zombies
  A monstrous demonspawn skeleton (Crypt:2)
  A faun skeleton (Crypt:1)
  6 black bears
  9 swamp drakes
  5 sky beasts
  11 cane toad skeletons
  46 orc warriors
  9 snapping turtle zombies
  A fire dragon simulacrum (Coc:4)
  15 ice beasts
  11 phantoms
  32 necrophages
  2 alligator simulacra
  A blink frog zombie (Crypt:1)
  A tengu (shapeshifter) (Depths:3)
  2 swamp dragon zombies
  3 manticore zombies
  8 eyes of draining
  100 large abominations
  3 manticore skeletons
  22 boggarts
  56 small abominations
  16 centaurs
  39 ogres
  A torpor snail zombie (Crypt:1)
  35 wolves
  A rime drake zombie (Crypt:2)
  4 snapping turtle skeletons
  3 big kobolds
  2 swamp dragon skeletons
  23 bullfrogs
  3 gnoll sergeants (D:8)
  A palentonga zombie (Crypt:1)
  An elf zombie (Dis:2)
  A yaktaur skeleton (Crypt:1)
  5 cane toad simulacra
  A water moccasin zombie (D:12)
  7 earth elementals
  A scorpion (shapeshifter) (Depths:3)
  A spriggan zombie (Dis:7)
  11 scorpions
  3 troll zombies
  131 wights
  3 howler monkeys
  5 electric eels
  7 crimson imps
  5 centaur zombies
  16 quasits
  2 bullfrog zombies
  23 orc priests
  6 hounds
  9 jellies
  42 orc wizards
  A gnoll shaman (D:8)
  28 iron imps
  Jessica (D:2)
  2 bullfrog skeletons (D:12)
  9 iguanas
  2 hell rats (Lair:6)
  22 worker ants
  A human skeleton (Coc:7)
  2 killer bee zombies
  An ogre zombie (Coc:5)
  A sky beast zombie (Crypt:2)
  A dwarf skeleton (Crypt:2)
  A hound zombie (D:7)
  An ogre skeleton (Tar:1)
  4 hound skeletons
  2 howler monkey zombies
  68 mummies
  5 worker ant zombies
  24 adders
  13 gnolls
  5 river rats (Lair:6)
  A tengu simulacrum (Coc:7)
  12 shadow imps
  38 white imps
  14 ufetubi
  An adder skeleton (Crypt:2)
  4 worms
  A dart slug (D:1)
  4 leopard geckos
  111 orcs
  3 ball pythons (Depths:2)
  4 bats
  3 giant cockroaches
  4 goblins (D:1)
  3 hobgoblins
  12 jackals
  6 quokkas
  3 frilled lizards
  A jackal zombie (D:6)
  16 kobolds
  A kobold skeleton (Coc:5)
  A kobold zombie (Dis:2)
  A leopard gecko skeleton (D:4)
  A leopard gecko zombie (D:8)
  2 orc zombies
  7 rats
  2 ball lightnings (Pan)
  A bush (Elf:2)
  A butterfly (Lair:5)
  3 fire vortices
  4 lurking horrors
  A plant (Depths:4)
  12 starspawn tentacles
  7 tentacles
6507 creatures vanquished.

Vanquished Creatures (collateral kills)
  Mara (Vaults:4)
  2 orbs of fire (Zot:5)
  A royal mummy (Tomb:3)
  A pandemonium lord (Pan)
  2 golden dragons
  3 bone dragons
  2 Tzitzimimeh
  A lich (Tar:7)
  An Orb Guardian (Zot:5)
  A deep elf blademaster (Elf:3)
  An ancient champion (Hell)
  2 acid blobs (Slime:4)
  A storm dragon (Vaults:5)
  2 shadow dragons (Vaults:5)
  A tengu reaver (Vaults:1)
  A frost giant (Vaults:5)
  A fire giant (Vaults:5)
  5 deep elf sorcerers
  A cacodemon (Pan)
  A revenant (Crypt:1)
  4 vault wardens
  Aizul (Vaults:4)
  A deep elf elementalist (Elf:3)
  3 reapers
  6 ironheart preservers
  7 stone giants
  A bennu (Tomb:3)
  A black sun (Pan)
  A deep elf annihilator (Vaults:5)
  A yellow draconian (Depths:5)
  An ettin (Depths:5)
  2 great orbs of eyes
  6 ice dragons
  2 vault guards (Vaults:5)
  A ghost crab (Tar:6)
  A two-headed ogre (Vaults:5)
  3 dancing weapons
  2 titan zombies
  2 hell hogs (Pan)
  7 hell knights
  2 soul eaters
  A thrashing horror (Abyss:3)
  2 storm dragon zombies
  2 deep elf knights
  7 skeletal warriors
  3 golden dragon zombies
  A torturous demonspawn (Pan)
  4 sixfirhies (Pan)
  4 deep trolls
  2 gelid demonspawn (Pan)
  2 storm dragon skeletons (Coc:7)
  A phantasmal warrior (Vaults:5)
  A golden dragon skeleton (Coc:3)
  2 harpies (Vaults:1)
  An ironbrand convoker (Vaults:5)
  2 necromancers
  A tengu zombie (D:15)
  A shining eye (shapeshifter) (Vaults:5)
  A shining eye (Slime:4)
  3 deep elf magi
  A frost giant zombie (Coc:7)
  An orc sorcerer (Vaults:1)
  A stone giant zombie (Tar:6)
  A worldbinder (Abyss:3)
  A stone giant skeleton (Crypt:1)
  4 smoke demons (Pan)
  3 vault sentinels (Vaults:5)
  An orange demon (Pan)
  A rust devil (Dis:1)
  A hellion (Pan)
  A yaktaur (Vaults:5)
  An emperor scorpion zombie (Coc:7)
  2 efreet
  A swamp worm zombie (Crypt:1)
  4 freezing wraiths
  A dire elephant skeleton (Pan)
  A harpy zombie (Coc:7)
  A catoblepas skeleton (Crypt:3)
  5 red devils
  2 hydra zombies (Coc:7)
  2 harpy skeletons
  3 slime creatures
  An alligator zombie (Coc:7)
  A water elemental (Abyss:3)
  2 large abominations
  A wraith (Vaults:5)
  A fire bat (shapeshifter) (Vaults:3)
  A neqoxec (Pan)
  A human zombie (Vaults:4)
  An ogre (Vaults:5)
  An orc warrior (Vaults:5)
  2 necrophages
  A hornet zombie (D:15)
  A centaur (D:15)
  2 wights (Coc:1)
  A crimson imp (Hell)
  A centaur skeleton (Coc:3)
  A human skeleton (Tar:6)
  An iron imp (Dis:1)
  An ogre zombie (Tomb:3)
  44 foxfires
231 creatures vanquished.

Vanquished Creatures (others)
  An eldritch tentacle (Pan)
  A draconian annihilator (Pan)
  A war gargoyle (Hell)
  A dire elephant (Abyss:3)
  4 hell hogs
  A sixfirhy (Pan)
  A glowing orange brain (Pan)
  A fire giant zombie (Coc:5)
  A red devil (Pan)
  2 hydra skeletons (Geh:7)
  A large abomination (Abyss:1)
  An ettin skeleton (Geh:7)
  A flying skull (Geh:2)
  A shadow (Geh:2)
  A chaos spawn (Abyss:2)
  A hell hound (Geh:4)
  A floating eye (shapeshifter) (D:13)
  A cane toad skeleton (Geh:7)
  A bullfrog skeleton (D:13)
  An orc wizard (Orc:2)
  A shadow imp (Tar:5)
  An orc (D:7)
  An orc skeleton (Geh:7)
  5 ball lightnings (Pan)
  A block of ice (Pan)
  66 fire vortices
  3491 foxfires
  45 fungi
  2 lurking horrors
  86 plants
  8 starspawn tentacles
  5 tentacles
  5 withered plants (D:15)
3741 creatures vanquished.

Grand Total: 10479 creatures vanquished

Notes
Turn   | Place    | Note
-------+----------+-------------------------------------------
     0 | D:1      | sneaky the Human Fire Elementalist began the quest for the
                  | Orb.
     0 | D:1      | Reached XP level 1. HP: 13/13 MP: 3/3
   398 | D:1      | Reached XP level 2. HP: 19/19 MP: 1/5
   818 | D:1      | Reached XP level 3. HP: 24/24 MP: 0/6
  1620 | D:2      | Reached XP level 4. HP: 30/30 MP: 5/8
  1697 | D:2      | Noticed Jessica
  1714 | D:2      | Killed Jessica
  2186 | D:2      | Found a faded altar of an unknown god.
  2186 | D:2      | Found a radiant altar of Vehumet.
  2193 | D:2      | Found a faded altar of an unknown god.
  2195 | D:2      | Found a sacrificial altar of Ru.
  2197 | D:2      | Found a glowing golden altar of the Shining One.
  2440 | D:2      | Became a worshipper of Vehumet
  2478 | D:3      | Reached XP level 5. HP: 36/36 MP: 5/9
  2992 | D:3      | Reached * piety under Vehumet
  2992 | D:3      | Offered knowledge of Magic Dart by Vehumet.
  2993 | D:3      | Reached skill level 1 in Fighting
  3582 | D:4      | Reached XP level 6. HP: 34/43 MP: 1/10
  3789 | D:4      | Noticed Grinder
  3809 | D:4      | Paralysed by Grinder for 7 turns
  3935 | D:4      | Killed Grinder
  3936 | D:4      | Reached XP level 7. HP: 37/50 MP: 2/12
  4171 | D:4      | Noticed Sigmund
  4207 | D:4      | Killed Sigmund
  4345 | D:4      | Found an opulent altar of Gozag.
  4710 | D:4      | Reached XP level 8. HP: 47/57 MP: 9/14
  5190 | D:5      | Entered Level 5 of the Dungeon
  5253 | D:5      | Found a radiant altar of Vehumet.
  5337 | D:4      | Learned a level 4 spell: Sticky Flame
  5507 | D:5      | Found a basalt altar of Yredelemnul.
  5525 | D:5      | Reached skill level 5 in Fire Magic
  6015 | D:5      | Found a bloodstained altar of Trog.
  6107 | D:5      | Found a staircase to the Ecumenical Temple.
  6241 | D:5      | Reached ** piety under Vehumet
  6241 | D:5      | Offered knowledge of Freeze by Vehumet.
  6382 | D:5      | Reached XP level 9. HP: 36/65 MP: 1/16
  6676 | D:6      | Reached skill level 5 in Dodging
  6676 | D:6      | Reached skill level 5 in Spellcasting
  6792 | D:6      | Reached skill level 5 in Conjurations
  7046 | D:6      | Found a white marble altar of Elyvilon.
  7227 | D:6      | Found Maown's Magic Scroll Boutique.
  7246 | D:6      | Bought a scroll of identify for 26 gold pieces
  7246 | D:6      | Bought a scroll of blinking for 97 gold pieces
  7246 | D:6      | Bought a scroll of identify for 26 gold pieces
  7246 | D:6      | Bought a scroll of identify for 26 gold pieces
  7588 | D:6      | Learned a level 5 spell: Fireball
  7724 | D:7      | Reached skill level 5 in Fighting
  8115 | D:7      | Offered knowledge of Mephitic Cloud by Vehumet.
  8335 | D:7      | Reached *** piety under Vehumet
  8687 | D:7      | Reached XP level 10. HP: 74/74 MP: 6/18
  9083 | D:7      | Learned a level 3 spell: Mephitic Cloud
  9167 | D:8      | Found a transporter.
  9170 | D:8      | Found a transporter.
  9184 | D:8      | Noticed Grum
  9231 | D:8      | Offered knowledge of Fulminant Prism by Vehumet.
  9320 | D:8      | Identified the ring of the Lusting King {rN+ Stlth+}
  9338 | D:8      | Identified the cursed +0 ring mail of Roschelye {Will+++
                  | rCorr Dex-5 Stlth-}
  9338 | D:8      | Identified the +3 kite shield of Masochism {rC+ Int+3
                  | Stlth+}
  9353 | D:8      | Noticed DildoBatman's ghost (novice FoCj)
  9762 | D:8      | Found Caibakh's Gadget Boutique.
  9838 | D:8      | Found a hide-covered altar of Uskayaw.
 10897 | D:9      | Paralysed by a hornet for 2 turns
 10917 | D:9      | HP: 3/77 [poisoned by a hornet]
 10923 | D:9      | HP: 3/77 [poisoned by a hornet]
 10931 | D:9      | HP: 2/77 [poisoned by a hornet]
 11318 | D:9      | Found Cheibriados's Comfort Zone.
 11320 | D:9      | Found a snail-covered altar of Cheibriados.
 11406 | D:9      | Learned a level 5 spell: Iskenderun's Battlesphere
 11511 | D:9      | Found a shadowy altar of Dithmenos.
 11866 | D:9      | Noticed a two-headed ogre
 12293 | D:10     | Entered Level 10 of the Dungeon
 12293 | D:10     | Found Etiulua's Assorted Antiques.
 12328 | D:10     | Bought a potion of heal wounds for 100 gold pieces
 12336 | D:10     | Found Meffuzow's Armour Emporium.
 12343 | D:10     | Found Dyoch's Jewellery Shop.
 12351 | D:10     | Got a pair of warped gloves
 12364 | D:10     | Identified the +0 pair of gloves of Jutoxzy Urynn {rPois
                  | Dex+7} (You found it on level 10 of the Dungeon)
 12370 | D:10     | Bought a scarf of repulsion for 132 gold pieces
 12414 | D:10     | Reached XP level 11. HP: 83/83 MP: 9/21
 12566 | D:10     | Reached **** piety under Vehumet
 13090 | D:10     | Found Hucic's Book Emporium.
 13122 | D:10     | Found Xaigiwed's Jewellery Boutique.
 13402 | D:11     | Offered knowledge of Lightning Bolt by Vehumet.
 13417 | D:11     | Found a gate leading to a gauntlet.
 13418 | D:11     | Noticed a two-headed ogre
 13423 | Gauntlet | Entered a Gauntlet
 13423 | Gauntlet | Found a transporter.
 13423 | Gauntlet | Noticed a sixfirhy
 13469 | Gauntlet | Found a runed translucent door.
 13473 | Gauntlet | Found a transporter.
 13478 | Gauntlet | Noticed a tengu warrior
 13484 | Gauntlet | Found a transporter.
 13487 | Gauntlet | Found a transporter.
 13493 | Gauntlet | Noticed a cacodemon
 13496 | Gauntlet | Found a transporter.
 13508 | Gauntlet | Noticed a sixfirhy
 13511 | Gauntlet | Found a transporter.
 13511 | Gauntlet | Noticed a sixfirhy
 13517 | Gauntlet | Noticed a sixfirhy
 13522 | Gauntlet | Found a transporter.
 13523 | Gauntlet | Noticed a sixfirhy
 13533 | Gauntlet | Found a transporter.
 13534 | Gauntlet | Found a runed translucent door.
 13534 | Gauntlet | Found a runed translucent door.
 13536 | Gauntlet | Noticed a fire crab
 13548 | Gauntlet | Found a transporter.
 13552 | Gauntlet | Noticed a necromancer
 13562 | Gauntlet | Found a transporter.
 13562 | Gauntlet | Found a transporter.
 13605 | Gauntlet | Found a transporter.
 13619 | Gauntlet | Found a transporter.
 13632 | Gauntlet | Found a transporter.
 13891 | Gauntlet | Learned a level 5 spell: Bolt of Magma
 13937 | Gauntlet | Killed a sixfirhy
 14142 | Gauntlet | Killed a necromancer
 14719 | Gauntlet | Got a pair of pitted boots
 14720 | Gauntlet | Identified the +0 pair of boots "Vej Wuirgh" {+Fly Str+2
                  | Dex+3 Stlth+} (You found it in a Gauntlet)
 14742 | Gauntlet | Identified the +10 short sword of a Labyrinth {vorpal,
                  | Int+3 Dex+4}
 14742 | Gauntlet | Noticed a minotaur
 15108 | D:11     | Got a spiked scale mail
 15119 | D:11     | Identified the +6 scale mail "Putiuw" {rC+} (You found it
                  | on level 11 of the Dungeon)
 15173 | D:11     | Killed a two-headed ogre
 16085 | D:11     | Reached XP level 12. HP: 70/92 MP: 10/23
 16182 | D:11     | Found a staircase to the Lair.
 16909 | D:12     | Noticed an ice dragon
 16942 | D:12     | Killed an ice dragon
 17421 | Lair:1   | Entered Level 1 of the Lair of Beasts
 18316 | D:11     | Got a scorched leather armour
 18331 | D:11     | Identified the +3 leather armour "Amuytriv" {rPois Str+5}
                  | (You found it on level 11 of the Dungeon)
 18343 | D:11     | Identified a scroll of acquirement
 18343 | D:11     | Acquired the amulet "Tocol" {RegenMP rN+ Dex+4}
 18395 | D:9      | Killed a two-headed ogre
 19774 | Lair:2   | Noticed a seven-headed hydra
 19803 | Lair:2   | Killed a seven-headed hydra
 20481 | Lair:3   | Noticed a catoblepas
 20546 | Lair:3   | Killed a catoblepas
 20943 | Lair:3   | Reached XP level 13. HP: 101/101 MP: 20/25
 21115 | Lair:3   | Reached ***** piety under Vehumet
 21675 | Lair:4   | Noticed a five-headed hydra
 21695 | Lair:4   | Killed a five-headed hydra
 21696 | Lair:4   | Reached skill level 10 in Fire Magic
 21789 | Lair:4   | Offered knowledge of Ozocubu's Refrigeration by Vehumet.
 21814 | Lair:4   | Found a hole to the Spider Nest.
 22270 | Lair:4   | Found a staircase to the Swamp.
 23088 | D:9      | Bought the +3 hat of Pondering {ponderous, Will+ MP+10
                  | Int+5} for 571 gold pieces
 23088 | D:9      | Found the +3 hat of Pondering {ponderous, Will+ MP+10
                  | Int+5}
 24139 | Lair:5   | Reached skill level 10 in Dodging
 24213 | Lair:5   | Reached skill level 10 in Conjurations
 24313 | Lair:5   | Found a staircase to the Slime Pits.
 24398 | Lair:6   | Entered Level 6 of the Lair of Beasts
 24790 | Lair:5   | Reached skill level 10 in Fighting
 25719 | D:12     | Noticed a centaur warrior
 25729 | D:12     | Killed a centaur warrior
 25732 | D:12     | Reached XP level 14. HP: 29/110 MP: 24/27
 26447 | D:12     | Reached skill level 10 in Spellcasting
 26726 | D:12     | Found a staircase to the Orcish Mines.
 27367 | D:13     | Noticed Azrael
 27802 | D:12     | Learned a level 4 spell: Iskenderun's Mystic Blast
 27912 | D:13     | Found Zimonop's Weapon Shoppe.
 28022 | D:13     | Found an iron altar of Okawaru.
 28138 | D:13     | Noticed Snorg
 28141 | D:13     | Killed Snorg
 28284 | D:13     | Killed Azrael
 28304 | D:13     | Offered knowledge of Starburst by Vehumet.
 28520 | D:13     | Learned a level 6 spell: Starburst
 28657 | D:13     | Found a gate to the Vaults.
 29561 | D:14     | Found a frozen archway.
 29574 | IceCv    | Entered an ice cave
 29969 | IceCv    | Reached XP level 15. HP: 97/119 MP: 14/29
 30431 | IceCv    | Noticed a frost giant
 30463 | IceCv    | Killed a frost giant
 31090 | D:14     | Offered knowledge of Irradiate by Vehumet.
 31331 | D:15     | Entered Level 15 of the Dungeon
 31621 | D:15     | Found a staircase to the Depths.
 31636 | D:15     | Noticed Nessos
 31646 | D:15     | Killed Nessos
 32728 | D:10     | Bought an uncursed ring of fire for 350 gold pieces
 32863 | Depths:1 | Entered Level 1 of the Depths
 32935 | Orc:1    | Entered Level 1 of the Orcish Mines
 33396 | Orc:1    | Found a roughly hewn altar of Beogh.
 33870 | Orc:2    | Entered Level 2 of the Orcish Mines
 34378 | Orc:2    | Found Kaczo's Antique Armour Boutique.
 34404 | Orc:2    | Bought a twisted cloak for 361 gold pieces
 34408 | Orc:2    | Acquired the Compendium of the Volcanoes
 34420 | Orc:2    | Identified the +4 cloak of the Hanged Man {*Slow Int+4
                  | Dex+6} (You bought it in a shop on level 2 of the Orcish
                  | Mines)
 34471 | Orc:2    | Found Souvid's Distillery.
 34562 | Orc:2    | Found a runed translucent gate.
 34572 | Orc:2    | Found a staircase to the Elven Halls.
 35030 | Orc:2    | Found a roughly hewn altar of Beogh.
 35046 | Orc:2    | Reached XP level 16. HP: 127/127 MP: 19/31
 35049 | Orc:2    | Offered knowledge of Conjure Ball Lightning by Vehumet.
 35182 | Orc:2    | Found Giwot's Jewellery Emporium.
 35182 | Orc:2    | Found Patsaf's Distillery.
 35221 | Orc:2    | Bought a potion of heal wounds for 65 gold pieces
 35221 | Orc:2    | Bought a potion of heal wounds for 65 gold pieces
 35256 | Orc:2    | Found Yxziofeh's Distillery.
 35385 | Orc:2    | Found a runed translucent gate.
 35387 | Orc:2    | Found a runed translucent gate.
 35388 | Orc:2    | Found an opulent altar of Gozag.
 35389 | Orc:2    | Noticed lenfi's ghost (journeyman DgFi)
 35390 | Orc:2    | Found Yborasy's Assorted Antiques.
 35481 | Orc:2    | Found Quzia's Weapon Emporium.
 35559 | Orc:2    | Found Zuelah's Magic Scroll Emporium.
 35559 | Orc:2    | Found Rulotout's Gadget Shop.
 35667 | Orc:2    | Killed lenfi's ghost
 35667 | Orc:2    | Reached ****** piety under Vehumet
 35774 | Orc:2    | Bought the ring "Udwoavyu" {Will+ Int+6 Stlth+} for 812
                  | gold pieces
 36869 | Lair:6   | Offered knowledge of Eringya's Noxious Bog by Vehumet.
 37514 | Lair:6   | Got a slimy lead amulet
 37742 | Lair:6   | Identified the amulet of the Endless Expanse {RegenMP rN++
                  | Int-4 Dex+3 Stlth+} (You found it on level 6 of the Lair of
                  | Beasts)
 37838 | Swamp:1  | Entered Level 1 of the Swamp
 38328 | Swamp:1  | Reached XP level 17. HP: 135/135 MP: 33/33
 38637 | Swamp:1  | Learned a level 6 spell: Iron Shot
 38953 | Swamp:2  | Offered knowledge of Lee's Rapid Deconstruction by Vehumet.
 39083 | Swamp:2  | Found an iron altar of Okawaru.
 40265 | Swamp:4  | Entered Level 4 of the Swamp
 40506 | Swamp:4  | Noticed the 27-headed Lernaean hydra
 40888 | Swamp:4  | Offered knowledge of Lehudib's Crystal Spear by Vehumet.
 40958 | Swamp:4  | Killed the 27-headed Lernaean hydra
 40959 | Swamp:4  | Reached XP level 18. HP: 145/145 MP: 35/35
 41090 | Swamp:4  | Got a decaying rune of Zot
 41608 | Spider:1 | Entered Level 1 of the Spider Nest
 41705 | Spider:1 | Noticed Louise
 41709 | Spider:1 | Killed Louise
 44256 | Spider:3 | Offered knowledge of Fire Storm by Vehumet.
 44256 | Spider:3 | Offered knowledge of Tornado by Vehumet.
 44256 | Spider:3 | Offered knowledge of Absolute Zero by Vehumet.
 44274 | Spider:3 | Reached skill level 15 in Fire Magic
 44472 | Spider:2 | Reached XP level 19. HP: 97/153 MP: 36/36
 45587 | Spider:4 | Entered Level 4 of the Spider Nest
 45667 | Spider:3 | Reached skill level 15 in Fighting
 45929 | Spider:4 | Reached skill level 15 in Conjurations
 46352 | Spider:4 | Got a crude marble ring
 46442 | Spider:4 | Identified the cursed ring "Hiesas" {Int+7 Slay-4} (You
                  | found it on level 4 of the Spider Nest)
 46548 | Spider:4 | Noticed Asterion
 46552 | Spider:4 | Killed Asterion
 46961 | Spider:4 | Noticed Arachne
 47004 | Spider:4 | Killed Arachne
 47624 | Spider:4 | Reached XP level 20. HP: 162/163 MP: 23/38
 48480 | Spider:4 | Got a gossamer rune of Zot
 48520 | Spider:4 | Learned a level 8 spell: Ignition
 48929 | D:8      | Killed DildoBatman's ghost
 48930 | D:8      | Killed Grum
 49218 | Orc:2    | Bought a twitching ivory ring for 145 gold pieces
 49218 | Orc:2    | Bought a ring of the Octopus King for 145 gold pieces
 49218 | Orc:2    | Found the ring of the Octopus King
 49219 | Orc:2    | Identified the ring of Uxzus {*Contam rPois rC+ Dex+3
                  | Stlth-} (You bought it in a shop on level 2 of the Orcish
                  | Mines)
 49221 | Orc:2    | Identified a ring of the Octopus King {AC+1 EV+1 Str+1
                  | Int+1 Dex+1 SInv} (You bought it in a shop on level 2 of
                  | the Orcish Mines)
 49244 | Orc:2    | Gained mutation: Scrolls take you a little longer to read.
                  | [mutagenic glow]
 49248 | Elf:1    | Entered Level 1 of the Elven Halls
 49648 | Elf:1    | Found Xerghoraso's Antique Armour Shoppe.
 49657 | Elf:1    | Bought a faintly humming robe for 131 gold pieces
 49667 | Elf:1    | Identified the +1 robe of the Big Bang {rN+ Int+4 Dex+2}
                  | (You bought it in a shop on level 1 of the Elven Halls)
 49667 | Elf:1    | Found Syvvitzu's Antique Armour Shoppe.
 49676 | Elf:1    | Bought a pair of jewelled gloves for 209 gold pieces
 49805 | Elf:1    | Identified the +1 pair of gloves of Panit {Harm Rampage
                  | Str-3} (You bought it in a shop on level 1 of the Elven
                  | Halls)
 49991 | Elf:1    | Got a sparkling steel amulet
 50222 | Elf:1    | Reached skill level 15 in Spellcasting
 50270 | Elf:1    | Identified the amulet of Luwkererph {*Contam rN++ Regen+
                  | Int+3 Dex+2} (You found it on level 1 of the Elven Halls)
 51805 | Elf:2    | Found a huge runed translucent gate.
 51806 | Elf:2    | Found a huge runed translucent gate.
 51830 | Elf:2    | Found a huge runed translucent gate.
 51830 | Elf:2    | Found a huge runed translucent gate.
 51830 | Elf:2    | Found a huge runed translucent gate.
 51983 | Elf:2    | Found Nufaimp's Gadget Shoppe.
 52048 | Elf:2    | Reached skill level 1 in Shields
 52435 | Elf:2    | Found an ancient bone altar of Kikubaaqudgha.
 52697 | Elf:2    | Reached skill level 1 in Hexes
 52697 | Elf:2    | Reached skill level 1 in Summonings
 53508 | Elf:2    | Reached XP level 21. HP: 162/171 MP: 23/40
 53616 | Elf:2    | Reached skill level 5 in Hexes
 53616 | Elf:2    | Reached skill level 5 in Summonings
 53984 | Elf:2    | Learned a level 7 spell: Spellforged Servitor
 54162 | Elf:3    | Entered Level 3 of the Elven Halls
 54193 | Elf:3    | Found Jiehyor's Book Shop.
 55324 | Elf:3    | Found a runed translucent door.
 55325 | Elf:3    | Noticed Yakesh's ghost (adept MiFi)
 55415 | Elf:3    | Found Cafa's Antique Armour Emporium.
 56024 | Elf:3    | Reached skill level 10 in Hexes
 56024 | Elf:3    | Reached skill level 10 in Summonings
 56298 | Elf:3    | Identified the ring of Lithraj {Will+ Int+4 Slay+2 Stlth-}
 56586 | Elf:3    | Identified the Guide on the Venomous Entourage
 56611 | Elf:3    | Identified the Almanac of Quantum Intoxication
 56635 | Elf:3    | Got a bloodstained dagger
 56637 | Elf:3    | Identified the cursed +3 dagger of Profit {flame, rF+ MP-9
                  | Str+6} (You found it on level 3 of the Elven Halls)
 56644 | Elf:3    | Got a pair of steaming boots
 56656 | Elf:3    | Identified the +4 pair of boots "Itry" {Harm rPois Str-4
                  | Dex+7} (You found it on level 3 of the Elven Halls)
 56668 | Elf:3    | Identified the Collected Works on Icy Heat
 56677 | Elf:3    | Identified the +4 war axe of Exquisite Death {vorpal, rF+}
                  | (You found it on level 3 of the Elven Halls)
 56692 | Elf:3    | Identified the cursed +1 hunting sling of Ideth {flame,
                  | *Drain +Blink rN+++ Stlth+} (You found it on level 3 of the
                  | Elven Halls)
 56743 | Elf:3    | Found Ciwka's Antique Weapon Shoppe.
 57017 | Vaults:1 | Entered Level 1 of the Vaults
 57284 | Vaults:1 | Found Cixabios's Weapon Emporium.
 57466 | Vaults:1 | Reached XP level 22. HP: 147/178 MP: 20/41
 57754 | Vaults:1 | Gained mutation: You are dopey. (Int -2) [mutagenic glow]
 59018 | Vaults:2 | Reached skill level 1 in Evocations
 59171 | Vaults:2 | Noticed Xtahua
 59182 | Vaults:2 | Killed Xtahua
 59503 | Vaults:2 | Found a broken altar of Ashenzari.
 59606 | Vaults:2 | Found a portal to a secret trove of treasure.
 59792 | Vaults:2 | Found a staircase to the Crypt.
 59792 | Vaults:2 | Found an ancient bone altar of Kikubaaqudgha.
 59792 | Vaults:2 | Found a basalt altar of Yredelemnul.
 60758 | Vaults:2 | Got a pair of polished boots
 60761 | Vaults:2 | Identified the +2 pair of boots "Qizxaro" {rF++} (You found
                  | it on level 2 of the Vaults)
 61373 | Vaults:3 | Noticed Nikola
 61603 | Vaults:3 | Killed Nikola
 61671 | Vaults:3 | Reached skill level 5 in Evocations
 61849 | Vaults:3 | Reached XP level 23. HP: 186/186 MP: 31/42
 62470 | Vaults:3 | Identified Biufourgh's Compendium of Displacement
 63303 | Vaults:4 | Noticed Mara
 63312 | Vaults:4 | Killed Mara
 63404 | Vaults:4 | Noticed Saint Roka
 63410 | Vaults:4 | Killed Saint Roka
 63537 | Vaults:4 | Reached skill level 15 in Dodging
 64241 | Vaults:4 | Noticed Jory
 64248 | Vaults:4 | Killed Jory
 64422 | Vaults:4 | Noticed Aizul
 64430 | Vaults:4 | Killed Aizul
 64590 | Vaults:5 | Entered Level 5 of the Vaults
 64592 | Vaults:5 | Reached XP level 24. HP: 197/197 MP: 42/42
 64772 | Vaults:5 | Identified the ring "Feixti" {rN+ Int+2 Dex+7}
 65084 | Vaults:5 | Learned a level 3 spell: Gell's Gravitas
 65264 | Vaults:5 | Acquired a book of the Sky
 65267 | Vaults:5 | Acquired the ring of Yxki {rPois rF++ rC+ Will- SInv}
 65300 | Vaults:5 | Noticed a golden dragon
 65304 | Vaults:5 | Killed a golden dragon
 65330 | Vaults:5 | Identified the cursed +0 plate armour of Reason {rF+ Int+4}
 65960 | Vaults:5 | Identified the +1 troll leather armour "Unegush" {Harm rC+
                  | Regen+ Int+4}
 65996 | Vaults:5 | Got a silver rune of Zot
 66376 | Vaults:5 | Identified the +9 war axe "Gipt" {protect, rN++ Will-
                  | Str+3}
 66468 | Vaults:5 | Reached XP level 25. HP: 44/204 MP: 31/42
 66714 | Vaults:5 | Reached skill level 10 in Evocations
 67296 | Vaults:5 | Identified the +4 hand crossbow of Fortitude {flame, rPois
                  | Str+4 SInv}
 69610 | Slime:1  | Entered Level 1 of the Pits of Slime
 70457 | Slime:5  | Entered Level 5 of the Pits of Slime
 71120 | Slime:5  | Found a viscous altar of Jiyva.
 71259 | Slime:5  | Reached skill level 5 in Shields
 71325 | Slime:4  | Gained mutation: You are clumsy. (Dex -2) [a shining eye]
 71344 | Slime:4  | Reached XP level 26. HP: 174/213 MP: 32/43
 71632 | Slime:5  | Noticed the Royal Jelly
 71645 | Slime:5  | Killed the Royal Jelly
 72129 | Slime:5  | Found the +7 pair of quick blades "Gyre" and "Gimble"
                  | {protect}
 72159 | Slime:5  | Lost mutation: You are dopey. (Int -2) [potion of mutation]
 72159 | Slime:5  | Lost mutation: You are clumsy. (Dex -2) [potion of
                  | mutation]
 72159 | Slime:5  | Lost mutation: Scrolls take you a little longer to read.
                  | [potion of mutation]
 72159 | Slime:5  | Gained mutation: Your body sometimes deteriorates upon
                  | taking damage. [potion of mutation]
 72159 | Slime:5  | Gained mutation: You are robust. (+10% HP) [potion of
                  | mutation]
 72160 | Slime:5  | Lost mutation: You are robust. (+10% HP) [potion of
                  | mutation]
 72160 | Slime:5  | Lost mutation: Your body sometimes deteriorates upon taking
                  | damage. [potion of mutation]
 72160 | Slime:5  | Gained mutation: You are partially covered in iridescent
                  | scales. (AC +2) [potion of mutation]
 72160 | Slime:5  | Gained mutation: You have a somewhat thin skeletal
                  | structure. (Dex +2, Stealth) [potion of mutation]
 72160 | Slime:5  | Gained mutation: You are partially covered in slimy green
                  | scales. (AC +2) [potion of mutation]
 72163 | Slime:5  | Got a translucent iron ring
 72168 | Slime:5  | Identified the ring "Pumor" {rElec rPois rN+ Str+4 Dex+2}
                  | (You found it on level 5 of the Pits of Slime)
 72191 | Slime:5  | Got a slimy rune of Zot
 72208 | Slime:5  | Got a shimmering pewter ring
 72209 | Slime:5  | Identified the ring "Kinueny" {rN+ Str+3} (You found it on
                  | level 5 of the Pits of Slime)
 73546 | Depths:1 | Found a gateway to Hell.
 73807 | Depths:1 | Found a one-way gate leading to the halls of Pandemonium.
 73866 | Depths:1 | Found Oganut's Jewellery Shoppe.
 73866 | Depths:1 | Found Gufewoux's Gadget Shop.
 73867 | Depths:1 | Found Bogeikau's Jewellery Shoppe.
 74680 | Depths:2 | Found Vecus's Antique Weapon Shop.
 76026 | Depths:2 | Reached XP level 27. HP: 221/221 MP: 40/43
 76601 | Depths:2 | Identified the cursed +1 ring mail of the Eagle {Rampage
                  | rPois} (You found it on level 2 of the Depths)
 76845 | Vaults:3 | Identified the +1 robe of Hangman {Int+3} (You found it on
                  | level 3 of the Vaults)
 77237 | Depths:3 | Found a bloodstained altar of Trog.
 77237 | Depths:3 | Found an ancient bone altar of Kikubaaqudgha.
 77238 | Depths:3 | Found a hazy altar of Hepliaklqana.
 77240 | Depths:3 | Found a gateway to a ziggurat.
 77240 | Depths:3 | Found a one-way gate to the infinite horrors of the Abyss.
 78309 | Depths:3 | Reached skill level 10 in Shields
 78948 | Depths:3 | Identified the Handbook of the Spatial Volcanoes
 78996 | Depths:3 | Identified the +0 scale mail of Negation {*Contam rElec
                  | rPois rF+} (You found it on level 3 of the Depths)
 79608 | Depths:4 | Found a transporter.
 79614 | Depths:4 | Found a corrupted altar of Lugonu.
 79915 | Depths:4 | Found a transporter.
 80127 | Depths:4 | Found a corrupted altar of Lugonu.
 80587 | Depths:5 | Entered Level 5 of the Depths
 80815 | Depths:5 | Identified the +0 scimitar of Tension {venom, +Rage MP+9
                  | Dex+3}
 81287 | Depths:5 | Found a gate to the Realm of Zot.
 82217 | Depths:5 | Found Davirimo's Distillery.
 82222 | Depths:5 | Bought a potion of heal wounds for 120 gold pieces
 82222 | Depths:5 | Bought a potion of heal wounds for 120 gold pieces
 82679 | Crypt:1  | Entered Level 1 of the Crypt
 83166 | Crypt:1  | Learned a level 9 spell: Fire Storm
 84968 | Crypt:3  | Entered Level 3 of the Crypt
 85173 | Crypt:3  | Reached skill level 15 in Shields
 85561 | Crypt:3  | Found a basalt altar of Yredelemnul.
 85561 | Crypt:3  | Noticed an ancient lich
 85565 | Crypt:3  | Killed an ancient lich
 85615 | Crypt:3  | Got a coiled garnet amulet
 85616 | Crypt:3  | Identified the amulet of Suzeirun {RegenMP Will- Dex+6}
                  | (You found it on level 3 of the Crypt)
 85634 | Crypt:3  | Acquired the Volume of Dusty Conjuration
 86093 | Crypt:3  | Got a vibrating jade amulet
 86094 | Crypt:3  | Identified the amulet of Xexal {Faith *Corrode Int+4
                  | Stlth+} (You found it on level 3 of the Crypt)
 86613 | Crypt:3  | Found a staircase to the Tomb.
 86633 | Crypt:3  | Identified Faguet's Compendium of Evil
 87056 | Hell     | Entered the Vestibule of Hell
 87056 | Hell     | Noticed Geryon
 87064 | Hell     | Killed Geryon
 87151 | Depths:1 | Identified the +2 trident of Contention {drain, +Blink +Inv
                  | Str+3} (You found it on level 1 of the Depths)
 87838 | Vaults:2 | You paid a toll of the horn of Geryon to enter a treasure
                  | trove
 87839 | Trove    | Entered a treasure trove
 87845 | Trove    | Found the amulet of Vitality {Regen+ HP+15}
 87847 | Trove    | Identified the +1 pair of boots "Lier" {rPois rF+ Will+
                  | Regen+} (You found it in a treasure trove)
 87860 | Trove    | Got a brightly glowing iron ring
 87861 | Trove    | Identified the ring of Secrets {Str+6 Dex-3 SInv Stlth+}
                  | (You found it in a treasure trove)
 87876 | Trove    | Got a scorched tin ring
 87877 | Trove    | Identified the ring of Law {+Fly rPois rF+ Str-3 Dex+2}
                  | (You found it in a treasure trove)
 88271 | Hell     | Found a gateway to the decaying netherworld of Tartarus.
 88341 | Hell     | Found a gateway to the ashen valley of Gehenna.
 88436 | Hell     | Found a gateway to the freezing wastes of Cocytus.
 88460 | Hell     | Found a gateway to the Iron City of Dis.
 88562 | Coc:1    | Entered Level 1 of Cocytus
 88718 | Coc:1    | Noticed a shard shrike
 88720 | Coc:1    | Killed a shard shrike
 88785 | Coc:1    | Noticed a shard shrike
 88786 | Coc:1    | Killed a shard shrike
 89178 | Coc:1    | Noticed a shard shrike
 89182 | Coc:1    | Killed a shard shrike
 89530 | Coc:2    | Noticed a shard shrike
 89740 | Coc:2    | Noticed a shard shrike
 89741 | Coc:2    | Killed a shard shrike
 89793 | Coc:2    | Noticed a shard shrike
 89794 | Coc:2    | Killed a shard shrike
 90591 | Coc:2    | Noticed a shard shrike
 90592 | Coc:2    | Killed a shard shrike
 91120 | Coc:2    | Noticed a shard shrike
 91121 | Coc:2    | Noticed a shard shrike
 91123 | Coc:2    | Killed a shard shrike
 91124 | Coc:2    | Killed a shard shrike
 91276 | Coc:2    | Noticed a shard shrike
 91278 | Coc:2    | Killed a shard shrike
 91584 | Coc:2    | Noticed a shard shrike
 91587 | Coc:2    | Killed a shard shrike
 92194 | Coc:3    | Reached skill level 1 in Staves
 92745 | Coc:4    | Noticed a shard shrike
 92747 | Coc:4    | Killed a shard shrike
 93226 | Coc:6    | Noticed a shard shrike
 93227 | Coc:6    | Noticed a shard shrike
 93227 | Coc:6    | Noticed a shard shrike
 93229 | Coc:6    | Noticed a shard shrike
 93231 | Coc:6    | Killed a shard shrike
 93231 | Coc:6    | Killed a shard shrike
 93231 | Coc:6    | Killed a shard shrike
 93233 | Coc:6    | Killed a shard shrike
 93234 | Coc:6    | Reached skill level 5 in Staves
 93705 | Coc:5    | Noticed a shard shrike
 93707 | Coc:5    | Noticed a shard shrike
 93708 | Coc:5    | Noticed a shard shrike
 93709 | Coc:5    | Killed a shard shrike
 93711 | Coc:5    | Killed a shard shrike
 93734 | Coc:5    | Noticed a shard shrike
 93734 | Coc:5    | Noticed a shard shrike
 93734 | Coc:5    | Noticed a shard shrike
 93734 | Coc:5    | Noticed a shard shrike
 93737 | Coc:5    | Killed a shard shrike
 93738 | Coc:5    | Killed a shard shrike
 93738 | Coc:5    | Killed a shard shrike
 93738 | Coc:5    | Killed a shard shrike
 93747 | Coc:5    | Noticed a shard shrike
 93752 | Coc:5    | Killed a shard shrike
 93754 | Coc:5    | Killed a shard shrike
 93771 | Coc:5    | Noticed a shard shrike
 93772 | Coc:5    | Killed a shard shrike
 93998 | Coc:5    | Noticed a shard shrike
 94003 | Coc:5    | Killed a shard shrike
 94070 | Coc:7    | Entered Level 7 of Cocytus
 94350 | Coc:7    | Noticed a shard shrike
 94355 | Coc:7    | Killed a shard shrike
 94651 | Coc:7    | Noticed a shard shrike
 94652 | Coc:7    | Killed a shard shrike
 94857 | Coc:7    | Identified the +5 ring mail "Seymmej" {-Cast Will+ Int+2
                  | Dex+3}
 95039 | Coc:7    | Noticed a shard shrike
 95041 | Coc:7    | Killed a shard shrike
 95043 | Coc:7    | Reached skill level 10 in Staves
 95097 | Coc:7    | Noticed a shard shrike
 95099 | Coc:7    | Killed a shard shrike
 95147 | Coc:7    | Noticed a shard shrike
 95148 | Coc:7    | Killed a shard shrike
 95314 | Coc:7    | Noticed a shard shrike
 95315 | Coc:7    | Killed a shard shrike
 95859 | Coc:7    | Noticed a shard shrike
 95861 | Coc:7    | Killed a shard shrike
 96238 | Coc:7    | Noticed a shard shrike
 96238 | Coc:7    | Noticed a shard shrike
 96238 | Coc:7    | Noticed a shard shrike
 96241 | Coc:7    | Killed a shard shrike
 96241 | Coc:7    | Killed a shard shrike
 96242 | Coc:7    | Killed a shard shrike
 96334 | Coc:7    | Noticed a shard shrike
 96336 | Coc:7    | Killed a shard shrike
 96378 | Coc:7    | Noticed a shard shrike
 96381 | Coc:7    | Killed a shard shrike
 96519 | Coc:7    | Noticed a shard shrike
 96521 | Coc:7    | Killed a shard shrike
 96602 | Coc:7    | Noticed a shard shrike
 96605 | Coc:7    | Killed a shard shrike
 96960 | Coc:7    | Noticed Antaeus
 96972 | Coc:7    | Killed Antaeus
 97295 | Coc:7    | Got an icy rune of Zot
 97430 | Coc:7    | Noticed a shard shrike
 97435 | Coc:7    | Killed a shard shrike
 97759 | Tar:1    | Entered Level 1 of Tartarus
 98214 | Hell     | Reached skill level 27 in Fire Magic
100228 | Elf:1    | Bought a blackened troll leather armour for 440 gold pieces
100228 | Elf:1    | Identified the +7 troll leather armour of Parts Unknown
                  | {Will- Regen+ Str+8 Dex+3} (You bought it in a shop on
                  | level 1 of the Elven Halls)
100442 | D:10     | Bought pearl dragon scales for 2000 gold pieces
100813 | Tar:2    | Reached skill level 1 in Armour
101335 | Tar:3    | Reached skill level 5 in Armour
103390 | Tar:7    | Entered Level 7 of Tartarus
105016 | Tar:7    | Identified the +7 plate armour "Qeatwech" {rC+ Str-5 Int+4
                  | Dex+3}
105016 | Tar:7    | Identified the ring of Propriety {rF+ Will+}
105518 | Tar:7    | Noticed Ereshkigal
105548 | Tar:7    | Killed Ereshkigal
105837 | Tar:7    | Got a bone rune of Zot
105843 | Tar:7    | Identified the +1 dagger "Femar" {protect, rN+ Will- Dex+2
                  | SInv} (You found it on level 7 of Tartarus)
106270 | Depths:4 | Voluntarily entered the Abyss.
106291 | Abyss:1  | Found a corrupted altar of Lugonu.
106483 | Abyss:1  | Gained mutation: Scrolls take you a little longer to read.
                  | [a cacodemon]
106488 | Abyss:1  | Lost mutation: Scrolls take you a little longer to read.
                  | [potion of mutation]
106488 | Abyss:1  | Lost mutation: You have a somewhat thin skeletal structure.
                  | (Dex +2, Stealth) [potion of mutation]
106488 | Abyss:1  | Gained mutation: Your spells are a little harder to cast,
                  | but a little more powerful. [potion of mutation]
106495 | Abyss:2  | Found a corrupted altar of Lugonu.
106556 | Abyss:2  | Found a corrupted altar of Lugonu.
106662 | Abyss:2  | Got a smoking scimitar
106741 | Abyss:2  | Found a corrupted altar of Lugonu.
106840 | Abyss:3  | Found a shadowy altar of Dithmenos.
107002 | Abyss:3  | Found a shadowy altar of Dithmenos.
107099 | Abyss:3  | Reached skill level 27 in Fighting
107161 | Abyss:3  | Found a shadowy altar of Dithmenos.
107194 | Abyss:3  | Got an abyssal rune of Zot
107211 | Depths:4 | Escaped the Abyss
107466 | Vaults:1 | Identified the +12 scimitar of the Volcano {vorpal, rPois
                  | Will+ Dex-2} (You found it on level 2 of the Abyss)
107467 | Vaults:1 | Identified the +4 arbalest of Ambiguity {vorpal, Dex+2}
                  | (You found it on level 1 of the Vaults)
107469 | Vaults:1 | Identified the +10 arbalest "Neetyis" {freeze, Str+3 Int+4}
                  | (You found it on level 1 of the Vaults)
107471 | Vaults:1 | Identified the +8 arbalest of Homuqull {elec, rPois rC+
                  | Int-4} (You found it on level 1 of the Vaults)
107699 | Depths:3 | Voluntarily entered the Abyss.
107704 | Abyss:1  | Reached skill level 1 in Crossbows
107906 | Abyss:2  | Reached skill level 5 in Crossbows
108084 | Abyss:2  | Identified the +1 pair of gloves of Compression {Harm
                  | +Blink rPois rC-} (You found it on level 2 of the Abyss)
108447 | Abyss:2  | Reached skill level 10 in Crossbows
108477 | Abyss:2  | Identified the ring "Onasup" {+Blink rElec rN++ EV+4}
108899 | Abyss:2  | Acquired an uncursed staff of fire
109455 | Depths:3 | Escaped the Abyss
109805 | Elf:3    | Killed Yakesh's ghost
110493 | Dis:1    | Entered Level 1 of the Iron City of Dis
113419 | Dis:2    | Reached skill level 15 in Crossbows
114948 | Depths:4 | Voluntarily entered the Abyss.
114981 | Abyss:1  | Reached skill level 1 in Earth Magic
115384 | Abyss:2  | Reached skill level 5 in Earth Magic
116215 | Abyss:2  | Reached skill level 10 in Earth Magic
116298 | Depths:4 | Escaped the Abyss
116404 | Depths:4 | Voluntarily entered the Abyss.
117058 | Abyss:1  | Identified the cursed +1 scimitar of Ufizxip {flame,
                  | *Corrode rN+ Will++ SInv}
117339 | Depths:4 | Escaped the Abyss
117673 | Elf:3    | Bought a book of the Earth for 1105 gold pieces
117679 | Elf:3    | Learned a level 3 spell: Ozocubu's Armour
117690 | Elf:3    | Bought a Fen Folio for 1275 gold pieces
117978 | Depths:3 | Voluntarily entered the Abyss.
118189 | Abyss:1  | Reached skill level 1 in Ice Magic
118493 | Abyss:1  | Gained mutation: Your spells are harder to cast, but more
                  | powerful. [a neqoxec]
118505 | Abyss:1  | Reached skill level 5 in Ice Magic
118542 | Abyss:1  | Gained mutation: You are clumsy. (Dex -2) [a neqoxec]
119646 | Abyss:1  | Found a shimmering altar of Xom.
120006 | Depths:3 | Escaped the Abyss
120345 | Hell     | Learned a level 6 spell: Freezing Cloud
120514 | Dis:3    | Reached skill level 10 in Ice Magic
122392 | Dis:7    | Entered Level 7 of the Iron City of Dis
123442 | Dis:7    | Reached skill level 15 in Earth Magic
124683 | Dis:7    | Identified the ring "Hoki" {rElec rF- Will+ Int+7 Dex+2}
124688 | Dis:7    | Reached skill level 15 in Ice Magic
125106 | Dis:7    | Identified the +1 helmet "Egev" {rF- Str+8 Int-3 Dex+2}
                  | (You found it on level 7 of the Iron City of Dis)
126111 | Dis:7    | Identified the ring "Zuaxuam" {+Inv rElec rC- MP+9 SInv}
126799 | Dis:7    | Found the +4 staff of Dispater
126799 | Dis:7    | Noticed Dispater
126812 | Dis:7    | Killed Dispater
126952 | Dis:7    | Identified the +4 ring mail of Cocytus {*Contam rCorr
                  | Str+3} (You found it on level 7 of the Iron City of Dis)
126958 | Dis:7    | Got an iron rune of Zot
127138 | Geh:1    | Entered Level 1 of Gehenna
129984 | Geh:7    | Entered Level 7 of Gehenna
130095 | Geh:7    | Noticed the Serpent of Hell
130152 | Hell     | Killed the Serpent of Hell
130472 | Depths:5 | Bought 2 potions of magic for 384 gold pieces
132569 | Geh:7    | Found the +7 sceptre of Asmodeus
132569 | Geh:7    | Noticed Asmodeus
132585 | Geh:7    | Killed Asmodeus
132590 | Geh:7    | Got an obsidian rune of Zot
133087 | Orc:2    | Bought a scroll of teleportation for 45 gold pieces
133087 | Orc:2    | Bought a scroll of teleportation for 45 gold pieces
133087 | Orc:2    | Bought a scroll of summoning for 142 gold pieces
133087 | Orc:2    | Bought a scroll of teleportation for 45 gold pieces
133087 | Orc:2    | Bought a scroll of blinking for 112 gold pieces
133087 | Orc:2    | Bought a scroll of blinking for 112 gold pieces
133087 | Orc:2    | Bought a scroll of teleportation for 45 gold pieces
133133 | Orc:2    | Bought a potion of haste for 130 gold pieces
133133 | Orc:2    | Bought a potion of brilliance for 52 gold pieces
133133 | Orc:2    | Bought a potion of brilliance for 52 gold pieces
133133 | Orc:2    | Bought a potion of curing for 39 gold pieces
133133 | Orc:2    | Bought a potion of heal wounds for 65 gold pieces
133133 | Orc:2    | Bought a potion of haste for 130 gold pieces
133331 | Pan      | Entered Pandemonium
133421 | Pan      | Gained mutation: You occasionally shout uncontrollably at
                  | your foes. [a cacodemon]
133623 | Pan      | Noticed Wommuac the pandemonium lord
133625 | Pan      | Killed Wommuac the pandemonium lord
134106 | Pan      | Noticed Mennas
134118 | Pan      | Noticed Hiejuos the pandemonium lord
134125 | Pan      | Killed Hiejuos the pandemonium lord
134125 | Pan      | Killed Mennas
135358 | Pan      | Got a demonic rune of Zot
135740 | Pan      | Acquired a book of Summonings
135943 | Pan      | Reached skill level 5 in Stealth
136026 | Pan      | Noticed Cianeyja the pandemonium lord
136328 | Pan      | Killed Cianeyja the pandemonium lord
137422 | Pan      | Reached skill level 10 in Stealth
137526 | Pan      | Found an exit through the horrors of the Abyss.
137691 | Pan      | Found an exit through the horrors of the Abyss.
137742 | Pan      | Gained mutation: You are very clumsy. (Dex -4) [a
                  | cacodemon]
138085 | Pan      | Noticed Buimpikk the pandemonium lord
138092 | Pan      | Killed Buimpikk the pandemonium lord
138258 | Pan      | Found a transporter.
138259 | Pan      | Identified the ring of Zuigit {Wiz Str+6} (You found it in
                  | Pandemonium)
138690 | Pan      | Noticed Olatauc the pandemonium lord
138697 | Pan      | Entered the realm of Mnoleg.
138700 | Pan      | Gained mutation: Scrolls take you a little longer to read.
                  | [a neqoxec]
138701 | Pan      | Noticed Mnoleg
138710 | Pan      | Killed Mnoleg
138724 | Pan      | Reached skill level 15 in Stealth
139359 | Pan      | Gained mutation: Armour fits poorly on your strangely
                  | shaped body. [a cacodemon]
139464 | Pan      | Got a glowing rune of Zot
139519 | Pan      | Lost mutation: You are very clumsy. (Dex -4) [potion of
                  | mutation]
139519 | Pan      | Lost mutation: You occasionally shout uncontrollably at
                  | your foes. [potion of mutation]
139519 | Pan      | Lost mutation: You are clumsy. (Dex -2) [potion of
                  | mutation]
139519 | Pan      | Gained mutation: Your magical capacity is low. (-10% MP)
                  | [potion of mutation]
139519 | Pan      | Lost mutation: Armour fits poorly on your strangely shaped
                  | body. [potion of mutation]
139519 | Pan      | Gained mutation: Your spells are much harder to cast, but
                  | much more powerful. [potion of mutation]
139520 | Pan      | Lost mutation: Your magical capacity is low. (-10% MP)
                  | [potion of mutation]
139520 | Pan      | Lost mutation: Scrolls take you a little longer to read.
                  | [potion of mutation]
139520 | Pan      | Lost mutation: Your spells are much harder to cast, but
                  | much more powerful. [potion of mutation]
139520 | Pan      | Gained mutation: You occasionally shout uncontrollably at
                  | your foes. [potion of mutation]
139520 | Pan      | Gained mutation: You have a pair of small horns on your
                  | head. [potion of mutation]
139632 | Pan      | Acquired the amulet "Biamp" {RegenMP rF+ rC++ rN+ Str-3}
139743 | Pan      | Entered the realm of Cerebov.
140179 | Pan      | Found the +6 sword of Cerebov {flame}
140179 | Pan      | Noticed Cerebov
140212 | Pan      | Killed Cerebov
140416 | Pan      | Got a fiery rune of Zot
140449 | Pan      | Identified the +11 dire flail of Egomania {protect, rElec}
140449 | Pan      | Identified the ring "Sew Meic" {Int+6 Slay+3}
140500 | Pan      | Identified the +6 plate armour of Adaorigh {Will+ Str+6
                  | Stlth-} (You found it in Pandemonium)
140635 | Pan      | Identified the +8 morningstar "Judar" {vorpal, *Slow Int+5
                  | Dex+4} (You found it in Pandemonium)
141233 | Pan      | Identified the +5 rapier of Purpose {distort, +Blink +Rage
                  | Str+4} (You found it in Pandemonium)
141904 | Pan      | Noticed Meaculle the pandemonium lord
142124 | Pan      | Entered the realm of Gloorx Vloq.
142295 | Pan      | Found an exit through the horrors of the Abyss.
144057 | Pan      | Noticed Gloorx Vloq
144060 | Pan      | Killed Gloorx Vloq
144115 | Pan      | Got a dark rune of Zot
144209 | Pan      | Entered the realm of Lom Lobon.
144243 | Pan      | Found an exit through the horrors of the Abyss.
146491 | Pan      | Noticed Lom Lobon
146502 | Pan      | Killed Lom Lobon
146613 | Pan      | Got a magical rune of Zot
146746 | Pan      | Took an exit into the Abyss.
146746 | Abyss:1  | Escaped into the Abyss
146879 | Depths:1 | Escaped the Abyss
147150 | Tomb:1   | Entered Level 1 of the Tomb of the Ancients
149275 | Tomb:1   | Noticed a royal mummy
149279 | Tomb:1   | Killed a royal mummy
149520 | Tomb:1   | Noticed a royal mummy
149545 | Tomb:1   | Killed a royal mummy
150323 | Orc:2    | Bought a potion of lignification for 39 gold pieces
150323 | Orc:2    | Bought a potion of curing for 39 gold pieces
150345 | Orc:2    | Bought a potion of lignification for 39 gold pieces
150345 | Orc:2    | Bought a potion of haste for 130 gold pieces
150345 | Orc:2    | Bought a potion of lignification for 39 gold pieces
150381 | Orc:2    | Bought a potion of lignification for 87 gold pieces
150401 | Orc:2    | Bought a potion of lignification for 42 gold pieces
150401 | Orc:2    | Bought a potion of lignification for 42 gold pieces
150724 | Tomb:2   | Noticed a royal mummy
150732 | Tomb:2   | Killed a royal mummy
150732 | Tomb:2   | Noticed a royal mummy
150733 | Tomb:2   | Noticed a royal mummy
150735 | Tomb:2   | Noticed an ancient lich
150745 | Tomb:2   | Killed a royal mummy
150749 | Tomb:2   | Killed a royal mummy
150750 | Tomb:2   | Killed an ancient lich
152032 | Tomb:2   | Learned a level 6 spell: Statue Form
152190 | Tomb:1   | Noticed a royal mummy
152190 | Tomb:1   | Noticed a royal mummy
152190 | Tomb:1   | Noticed a royal mummy
152192 | Tomb:1   | Noticed a royal mummy
152193 | Tomb:1   | Noticed a royal mummy
152194 | Tomb:1   | Killed a royal mummy
152194 | Tomb:1   | Noticed a royal mummy
152195 | Tomb:1   | Killed a royal mummy
152195 | Tomb:1   | Killed a royal mummy
152195 | Tomb:1   | Killed a royal mummy
152195 | Tomb:1   | Noticed a royal mummy
152195 | Tomb:1   | Noticed a royal mummy
152195 | Tomb:1   | Noticed a royal mummy
152196 | Tomb:1   | Killed a royal mummy
152196 | Tomb:1   | Noticed a royal mummy
152197 | Tomb:1   | Killed a royal mummy
152197 | Tomb:1   | Noticed a royal mummy
152197 | Tomb:1   | Noticed a royal mummy
152199 | Tomb:1   | Killed a royal mummy
152199 | Tomb:1   | Killed a royal mummy
152199 | Tomb:1   | Killed a royal mummy
152199 | Tomb:1   | Killed a royal mummy
152202 | Tomb:1   | Killed a royal mummy
152202 | Tomb:1   | Killed a royal mummy
152252 | Tomb:1   | Noticed a royal mummy
152255 | Tomb:1   | Killed a royal mummy
152449 | Tomb:1   | Noticed a royal mummy
152449 | Tomb:1   | Noticed a royal mummy
152454 | Tomb:1   | Killed a royal mummy
152454 | Tomb:1   | Killed a royal mummy
152526 | Tomb:1   | Noticed a royal mummy
152537 | Tomb:1   | Killed a royal mummy
152643 | Tomb:1   | Noticed a royal mummy
152643 | Tomb:1   | Noticed a royal mummy
152644 | Tomb:1   | Noticed a royal mummy
152645 | Tomb:1   | Noticed a royal mummy
152647 | Tomb:1   | Killed a royal mummy
152648 | Tomb:1   | Killed a royal mummy
152648 | Tomb:1   | Killed a royal mummy
152648 | Tomb:1   | Gained mutation: Scrolls take you a little longer to read.
                  | [mutagenic glow]
152649 | Tomb:1   | Killed a royal mummy
152654 | Tomb:1   | Gained mutation: You are dopey. (Int -2) [mutagenic glow]
152670 | Tomb:1   | Gained mutation: Scrolls take you longer to read.
                  | [mutagenic glow]
153428 | Tomb:3   | Entered Level 3 of the Tomb of the Ancients
153439 | Tomb:3   | Noticed a royal mummy
153440 | Tomb:3   | Noticed a royal mummy
153443 | Tomb:3   | Noticed a royal mummy
153445 | Tomb:3   | Killed a royal mummy
153454 | Tomb:3   | Killed a royal mummy
153463 | Tomb:3   | Killed a royal mummy
153469 | Tomb:3   | HP: 15/373 [bennu (8)]
153469 | Tomb:3   | HP: 3/373 [bennu (12)]
153484 | Tomb:3   | Noticed a royal mummy
153489 | Tomb:3   | Killed a royal mummy
153598 | Tomb:3   | Lost mutation: Scrolls take you longer to read. [potion of
                  | mutation]
153598 | Tomb:3   | Lost mutation: You occasionally shout uncontrollably at
                  | your foes. [potion of mutation]
153598 | Tomb:3   | Lost mutation: You are dopey. (Int -2) [potion of mutation]
153598 | Tomb:3   | Lost mutation: Scrolls take you a little longer to read.
                  | [potion of mutation]
153598 | Tomb:3   | Gained mutation: You evolve. [potion of mutation]
153598 | Tomb:3   | Gained mutation: You have large cloven feet. [potion of
                  | mutation]
153702 | Tomb:3   | Identified the +5 pearl dragon scales "Daunneakk" {rN+
                  | Int+7} (You found it on level 3 of the Tomb of the
                  | Ancients)
153745 | Tomb:3   | Identified the +2 pair of boots "Heluat" {*Drain rPois
                  | Dex+4} (You found it on level 3 of the Tomb of the
                  | Ancients)
153813 | Tomb:3   | Noticed a royal mummy
153820 | Tomb:3   | Killed a royal mummy
153890 | Tomb:3   | Identified the ring of Enenyenn {+Blink rPois rF+ Str+8
                  | Dex-4} (You found it on level 3 of the Tomb of the
                  | Ancients)
153994 | Tomb:3   | Noticed a royal mummy
154000 | Tomb:3   | Killed a royal mummy
154096 | Tomb:3   | Identified the +7 ring mail "Luah" {Slay+2} (You found it
                  | on level 3 of the Tomb of the Ancients)
154230 | Tomb:3   | Noticed an ancient lich
154234 | Tomb:3   | Killed an ancient lich
154243 | Tomb:3   | Noticed a royal mummy
154247 | Tomb:3   | Killed a royal mummy
154969 | Tomb:3   | Noticed a royal mummy
154973 | Tomb:3   | Killed a royal mummy
155063 | Tomb:3   | Got a golden rune of Zot
155731 | Zot:1    | Entered Level 1 of the Realm of Zot
156973 | Zot:2    | Acquired 962 gold pieces
158197 | Zot:3    | You fall into a shaft and drop 1 floor!
159219 | Zot:4    | Noticed a Killer Klown
159222 | Zot:4    | Killed a Killer Klown
160129 | Zot:5    | Entered Level 5 of the Realm of Zot
160265 | Zot:5    | Lost mutation: You have large cloven feet. [evolution]
160875 | Zot:5    | Noticed an orb of fire
160877 | Zot:5    | Noticed an orb of fire
160877 | Zot:5    | Noticed a Killer Klown
160878 | Zot:5    | Noticed a Killer Klown
160879 | Zot:5    | Gained mutation: Your magical capacity is low. (-10% MP)
                  | [an orb of fire]
160879 | Zot:5    | Noticed an ancient lich
160882 | Zot:5    | Noticed an ancient lich
160884 | Zot:5    | Killed an ancient lich
160884 | Zot:5    | Noticed a Killer Klown
160886 | Zot:5    | Noticed an ancient lich
160888 | Zot:5    | Killed a Killer Klown
160888 | Zot:5    | Noticed an ancient lich
160889 | Zot:5    | Noticed an orb of fire
160889 | Zot:5    | Noticed an orb of fire
160895 | Zot:5    | Lost mutation: Your spells are harder to cast, but more
                  | powerful. [an orb of fire]
161036 | Zot:5    | Gained mutation: You are frail. (-10% HP) [an orb of fire]
161039 | Zot:5    | Gained mutation: You do not regenerate when monsters are
                  | visible. [an orb of fire]
161056 | Zot:5    | Gained mutation: Your body sometimes deteriorates upon
                  | taking damage. [an orb of fire]
161059 | Zot:5    | Gained mutation: You tend to lose your temper in combat.
                  | [an orb of fire]
161061 | Zot:5    | Lost mutation: Your spells are a little harder to cast, but
                  | a little more powerful. [an orb of fire]
161151 | Zot:4    | Lost mutation: Your magical capacity is low. (-10% MP)
                  | [potion of mutation]
161151 | Zot:4    | Lost mutation: You tend to lose your temper in combat.
                  | [potion of mutation]
161151 | Zot:4    | Lost mutation: You are frail. (-10% HP) [potion of
                  | mutation]
161151 | Zot:4    | Gained mutation: Your skin changes colour to match your
                  | surroundings (Stealth+). [potion of mutation]
161151 | Zot:4    | Gained mutation: Your spells are a little harder to cast,
                  | but a little more powerful. [potion of mutation]
161151 | Zot:4    | Gained mutation: Your mind is acute. (Int +2) [potion of
                  | mutation]
161546 | Orc:2    | Bought a potion of mutation for 104 gold pieces
161546 | Orc:2    | Lost mutation: Your mind is acute. (Int +2) [potion of
                  | mutation]
161546 | Orc:2    | Lost mutation: You are partially covered in slimy green
                  | scales. (AC +2) [potion of mutation]
161546 | Orc:2    | Gained mutation: You rapidly evolve. [potion of mutation]
161546 | Orc:2    | Gained mutation: You are agile. (Dex +2) [potion of
                  | mutation]
161546 | Orc:2    | Gained mutation: Your muscles are strong. (Str +2) [potion
                  | of mutation]
161547 | Orc:2    | Lost mutation: You have a pair of small horns on your head.
                  | [potion of mutation]
161547 | Orc:2    | Lost mutation: You rapidly evolve. [potion of mutation]
161547 | Orc:2    | Lost mutation: You evolve. [potion of mutation]
161547 | Orc:2    | Lost mutation: You are agile. (Dex +2) [potion of mutation]
161547 | Orc:2    | Gained mutation: You are dopey. (Int -2) [potion of
                  | mutation]
161547 | Orc:2    | Lost mutation: You are dopey. (Int -2) [potion of mutation]
161547 | Orc:2    | Gained mutation: You are clumsy. (Dex -2) [potion of
                  | mutation]
161547 | Orc:2    | Gained mutation: Your mind is acute. (Int +2) [potion of
                  | mutation]
162579 | Zot:1    | Lost mutation: Your body sometimes deteriorates upon taking
                  | damage. [potion of mutation]
162579 | Zot:1    | Lost mutation: You are partially covered in iridescent
                  | scales. (AC +2) [potion of mutation]
162579 | Zot:1    | Lost mutation: Your mind is acute. (Int +2) [potion of
                  | mutation]
162579 | Zot:1    | Gained mutation: You are robust. (+10% HP) [potion of
                  | mutation]
162579 | Zot:1    | Gained mutation: You are somewhat resistant to further
                  | mutation. [potion of mutation]
162726 | Zot:5    | Killed a Killer Klown
162728 | Zot:5    | Killed a Killer Klown
162751 | Zot:5    | Killed an orb of fire
162753 | Zot:5    | Killed an ancient lich
162863 | Zot:5    | Noticed an orb of fire
162867 | Zot:5    | Killed an orb of fire
162919 | Zot:5    | Killed an orb of fire
163030 | Zot:5    | Killed an orb of fire
163340 | Zot:5    | Noticed an ancient lich
163348 | Zot:5    | Killed an ancient lich
163448 | Zot:5    | Killed an orb of fire
163518 | Zot:5    | Killed an ancient lich
164257 | Zot:5    | Killed an ancient lich
164352 | Zot:5    | Got the Orb of Zot
164942 | D:$      | Escaped with the Orb!

Illustrated notes

Levels and vault maps discovered:
D:1:      onia_arrival_pyramid, layout_basic
D:2:      layout_basic, chequers_temple_overflow_minitemple, serial_glass,
          glass_columns_a, glass_columns_b, glass_columns_a, glass_columns_c,
          uniq_jessica
D:3:      layout_rooms
D:4:      layout_loops_ring, nicolae_gozag_cash_rules_everything_around_me,
          uniq_sigmund, uniq_grinder, uniq_crazy_yiuf_cottage
D:5:      layout_basic, overflow_temple_1_default,
          minmay_temple_entry_nine_rooms, basic_altar, bloody_trog
D:6:      layout_gridville, lemuel_doored_altar, serial_shops, shop
D:7:      layout_loops_ring
D:8:      layout_basic, lemuel_round_altar, serial_glass, glass_columns_b,
          glass_columns_a, item_on_display_b, item_on_display_a,
          due_unseen_surprise, gammafunk_ghost_gnarly_gnolls, serial_shops,
          nicolae_shop_temple_entry_statues_fountains
D:9:      layout_roguey, nicolae_dithmenos_the_darkroom, minmay_shop_chei
D:10:     layout_rooms, serial_shops, kennysheep_mini, shop, shop, shop,
          nicolae_shop_window_shopping
D:11:     layout_irregular_city, grunt_lair_entry_orc_guard_hut,
          gauntlet_entry_generic
D:12:     minmay_the_grid_net [minmay_the_grid_tree,
          minmay_the_grid_medium_cups, minmay_the_grid_box_x,
          minmay_the_grid_doors, minmay_the_grid_fan,
          minmay_the_grid_prize_four_corners], layout_grid_maze, minivault_1
D:13:     layout_rooms, grunt_vaults_entry_fortified, basic_altar, serial_shops,
          shop, uniq_azrael, uniq_snorg
D:14:     layout_long_grid, portal_ice_cave_demonic_guard
D:15:     gammafunk_depths_entry_grave, layout_irregular_city, uniq_nessos
Lair:1:   layout_gridlike, minivault_23, infiniplex_staircase_pool_2
Lair:2:   layout_roguey, grunt_megastairs_2, infiniplex_staircase_pool
Lair:3:   layout_small_grid
Lair:4:   layout_regular_city, swamp_mist_pool,
          nicolae_spider_entry_non_spiders, cheibrodos_lair_lostbears
Lair:5:   statuecave_lemuel, layout_cave_pods, minmay_slime_entry_pillars,
          grunt_forest_stairs_clearing, lemuel_fruit_fields
Lair:6:   hangedman_lair_in_review, layout_gridlike, minmay_hedge_maze,
          kennysheep_rathole
Swamp:1:  layout_basic_swamp, nicolae_swamp_dense_foliage
Swamp:2:  layout_falls_marsh, nicolae_swamp_godswood, swamp_pool5
Swamp:3:  layout_basic_swamp, hangedman_swamp_lotus
Swamp:4:  swamp_old_school, layout_basic_swamp
Spider:1: layout_spider_delve, nicolae_spider_webs_and_nodes, uniq_louise
Spider:2: layout_spider_delve
Spider:3: cheibrodos_forgotten_conduit, drop_trap, nicolae_spider_webbed_stairs,
          nicolae_spider_cling_ruins
Spider:4: grunt_spider_rune_parallel, zaba_antful_of_joy, uniq_arachne,
          uniq_asterion
Slime:1:  layout_caves
Slime:2:  layout_caves
Slime:3:  layout_caves
Slime:4:  layout_caves
Slime:5
Orc:1:    layout_caves, basic_altar
Orc:2:    st_orc_town, layout_caves, serial_shops, nicolae_shop_trees, shop,
          shop, shop, ebering_ghost_gozag
Elf:1:    kennysheep_oblong_rooms, layout_loops_corners,
          hangedman_elf_represent, minmay_shop_star
Elf:2:    layout_geoelf_diagonals, serial_shops, shop, basic_altar,
          grunt_ministairs_7, minivault_28
Elf:3:    elf_hall, layout_gridlike, serial_shops, nicolae_shop_behind_doors,
          shop_coins, shop, ebering_ghost_reflecting_pool, hex_large
Vaults:1: vaults_room_door_hall, nicolae_vaults_shelves_hall,
          nicolae_vaults_little_squares_2, ontoclasm_vaults_ligature,
          nicolae_vaults_alarming, nicolae_vaults_yaktaur_gun_rack, v_misc_10,
          v_misc_32, nicolae_vaults_asterisk, ontoclasm_vaults_pinch,
          vaults_standard_mumra_x, st_cells, ontoclasm_vaults_loading_screen,
          layout_vaults_omnibox, serial_shops, shop, serial_glass
Vaults:2: ontoclasm_vaults_loading_screen, v_misc_2,
          minmay_crypt_entry_necro_gods, nicolae_vaults_big_ls,
          ontoclasm_vaults_twist, v_misc_18, v_misc_27, nicolae_vaults_theta,
          nicolae_vaults_statue_guard, dpeg_vaults_monster_box,
          layout_vaults_omnigrid, basic_altar, nicolae_trove_entry_crossroad,
          uniq_xtahua
Vaults:3: v_misc_19, vaults_room_semicircle, st_eye, v_misc_1, v_misc_5,
          v_misc_2, vaults_dpeg_encased_lava, nicolae_vaults_little_squares_1,
          vaults_dpeg_ring, vaults_dpeg_hooks, layout_vaults_chaotic_city,
          uniq_nikola
Vaults:4: nicolae_vaults_border_crossing, v_rooms_6, ontoclasm_vaults_chip,
          vaults_room_hallway, nicolae_vaults_bisected_slash,
          vaults_room_door_ring, v_misc_28, nicolae_vaults_what_the_h,
          v_alt_pattern_6, layout_vaults_ring, uniq_jory, uniq_mara, uniq_aizul,
          uniq_saint_roka
Vaults:5: serial_shops
Crypt:1:  layout_regular_city, grunt_megastairs_1
Crypt:2:  layout_gridlike
Crypt:3:  cryptofortress_bobbens
Tomb:1
Tomb:2
Tomb:3
Depths:1: layout_honeycomb, lightli_too_deep, rand_demon_pan_entry_7,
          minmay_misc_feat_square, kennysheep_small_square, minmay_shop_grove,
          firewood_loft
Depths:2: minmay_polygon_palace, layout_cave_shapes, hangedman_geh_valley,
          minmay_misc_feat_roman, serial_shops, shop, minmay_serpent_palace
Depths:3: hangedman_slaughterboxes, hell_entry, pan_entry, abyss_entry
Depths:4: gammafunk_corrupted_shrine, layout_gridlike, abyss_entry_flame_altar,
          rand_demon_pan_entry_5, hell_entry, minmay_misc_feat_four_crosses,
          serial_bayou_pond_a, grunt_decor_junction, infiniplex_staircase_star,
          serial_bayou_shore_b
Depths:5: grunt_zot_entry_gee_three, layout_basic, hell_entry, serial_shops,
          shop_fountains
Hell
Dis:1:    layout_gridville
Dis:2:    layout_regular_city, nicolae_dis_iron_filings
Dis:3:    layout_gridville
Dis:4:    layout_jigsaw
Dis:5:    layout_chaotic_city, hangedman_dis_decor_blocks_talon
Dis:6:    layout_regular_city
Dis:7:    dis_hangedman
Geh:1:    layout_gehenna_pools_triple
Geh:2:    layout_gehenna_lava_caves
Geh:3:    layout_gehenna_pools_box, grunt_megastairs_3
Geh:4:    layout_gehenna_pools_box
Geh:5:    layout_gehenna_lava_caves
Geh:6:    layout_gehenna_pools_box
Geh:7:    geh_hangedman
Coc:1:    layout_cocytus_water_paths
Coc:2:    layout_ice_bergs
Coc:3:    layout_cocytus_water_paths
Coc:4:    layout_ice_bergs
Coc:5:    layout_ice_bergs
Coc:6:    layout_ice_bergs, lemuel_elevator
Coc:7:    coc_grunt_cove [coc_grunt_cove_antaeus, coc_grunt_cove_fiend,
          coc_grunt_cove_fiend, coc_grunt_cove_fiend, coc_grunt_cove_fiend]
Tar:1:    layout_catacombs
Tar:2:    layout_honeycomb, nicolae_tar_cuneiform_bird
Tar:3:    layout_catacombs, evilmike_ambush [evilmike_ambush_outer_basic,
          evilmike_ambush_inner_pond]
Tar:4:    layout_grid_maze, lemuel_nasty_fountain
Tar:5:    layout_grid_maze
Tar:6:    hangedman_tartarus_silent_blood_keep, layout_grid_maze
Tar:7:    tar_minmay_river
Zot:1:    layout_gridlike, grunt_megastairs_4
Zot:2:    layout_twisted_circle
Zot:3:    layout_cathedral_of_symmetry
Zot:4:    layout_onion_interference, st_large_dragon_hoard_3, grunt_megastairs_5
Zot:5:    layout_cathedral_of_symmetry

Skill      XL: |  1  2  3  4  5  6  7  8  9 10 11 12 13 14 15 16 17 18 19 20 21 22 23 24 25 26 27 |
---------------+----------------------------------------------------------------------------------+-----
Spellcasting   | 3 4 5 6 7 8 9 10 11 12 13 14 15 16 24 | 24.3
Conjurations   | 2 3 4 5 6 8 9 10 11 12 13 14 15 16 17 26 | 26.2
Fighting       | 1 2 4 5 6 8 9 10 11 12 13 14 15 16 17 18 19 27 | 27.0
Fire Magic     | 4 5 6 7 8 9 10 11 12 13 14 15 16 17 18 27 | 27.0
Dodging        | 3 4 5 7 8 9 10 11 12 13 14 15 16 17 | 17.1
Shields        | 4 5 7 15 | 15.0
Hexes          | 4 12 13 | 13.3
Summonings     | 4 12 13 | 13.2
Evocations     | 5 8 9 11 12 | 12.1
Staves         | 12 | 12.0
Armour         | 6 |  6.8
Crossbows      | 16 | 16.4
Earth Magic    | 26 | 26.8
Ice Magic      | 26 | 26.3
Stealth        | 21 | 21.0
Unarmed Combat | |  0.2

Action                   |  1- 3 |  4- 6 |  7- 9 | 10-12 | 13-15 | 16-18 | 19-21 | 22-24 | 25-27 || total
-------------------------+-------+-------+-------+-------+-------+-------+-------+-------+-------++-------
Melee: Unarmed           |    22 |     2 |       |       |       |       |       |       |       ||    24
       Dagger            |       |    39 |    97 |    83 |    50 |       |     1 |       |       ||   270
       Staff             |       |       |       |       |    34 |     4 |     8 |     7 |  2782 ||  2835
       Headbutt          |       |       |       |       |       |       |       |       |    63 ||    63
       Kick              |       |       |       |       |       |       |       |       |     3 ||     3
 Fire: Hand crossbow     |       |       |       |       |       |       |       |       |   345 ||   345
 Cast: Foxfire           |    68 |   104 |   264 |   493 |   885 |   167 |    35 |     4 |    65 ||  2085
       Sticky Flame      |       |       |    14 |    31 |    26 |     9 |    14 |       |       ||    94
       Fireball          |       |       |       |    13 |    32 |   218 |   266 |   138 |  1678 ||  2345
       Iskenderun's Batt |       |       |       |    61 |   111 |    47 |    42 |    24 |    41 ||   326
       Mephitic Cloud    |       |       |       |     8 |     3 |       |       |       |       ||    11
       Bolt of Magma     |       |       |       |    13 |   146 |   160 |   253 |   237 |  1041 ||  1850
       Starburst         |       |       |       |       |    10 |    10 |    14 |       |     7 ||    41
       Iskenderun's Myst |       |       |       |       |     4 |     5 |     1 |    29 |   264 ||   303
       Ignition          |       |       |       |       |       |       |     7 |    31 |   277 ||   315
       Iron Shot         |       |       |       |       |       |       |     2 |    30 |  1700 ||  1732
       Spellforged Servi |       |       |       |       |       |       |    20 |    27 |   113 ||   160
       Gell's Gravitas   |       |       |       |       |       |       |       |       |     3 ||     3
       Freezing Cloud    |       |       |       |       |       |       |       |       |   128 ||   128
       Fire Storm        |       |       |       |       |       |       |       |       |    24 ||    24
       Statue Form       |       |       |       |       |       |       |       |       |    16 ||    16
       Ozocubu's Armour  |       |       |       |       |       |       |       |       |    15 ||    15
 Abil: Evoke Flight      |       |       |       |       |       |       |       |       |     4 ||     4
       Stop Flying       |       |       |       |       |       |       |       |       |     1 ||     1
Evoke: Wand              |       |       |       |     1 |    11 |     1 |    12 |       |     7 ||    32
       Phantom mirror    |       |       |       |     1 |     1 |       |       |       |     4 ||     6
       Condenser vane    |       |       |       |       |       |       |     1 |       |     4 ||     5
  Use: Scroll            |       |     9 |     9 |    14 |     9 |     6 |    15 |     9 |    75 ||   146
       Potion            |       |     1 |       |     2 |     1 |       |     2 |    10 |    65 ||    81
 Stab: Distracted        |       |     1 |       |     1 |       |       |       |       |    30 ||    32
       Sleeping          |       |       |     1 |     1 |     1 |       |       |       |    11 ||    14
Armor: Robe              |     9 |    12 |    29 |    33 |       |       |    10 |    12 |     7 ||   112
       Leather armour    |       |       |       |    13 |   100 |    31 |    44 |       |       ||   188
       Ring mail         |       |       |       |       |       |       |       |       |    21 ||    21
       Troll leather arm |       |       |       |       |       |       |       |       |   520 ||   520
       Skin              |       |       |       |       |       |       |       |       |   178 ||   178
Dodge: Dodged            |    20 |    54 |   120 |   248 |   523 |   159 |   219 |   107 |  2875 ||  4325
       Repelled          |       |       |       |     2 |     6 |       |       |       |       ||     8
Block: Other             |       |       |       |    32 |       |       |       |       |       ||    32
       Reflection        |       |       |       |     2 |       |       |       |       |       ||     2
       Buckler           |       |       |       |       |       |       |    22 |    29 |    23 ||    74
       Kite shield       |       |       |       |       |       |       |       |       |  2907 ||  2907
